 Dungeon Crawl Stone Soup version 0.31.0-11-ge490571c62 (webtiles) character file.

Game seed: 5664187801822605534

14508663 Bobbunny the Conqueror (level 27, 273/273 HPs)
             Began as a Formicid Fighter on Jan 27, 2024.
             Was an Initiate of Fedhas.
             Escaped with the Orb
             ... and 15 runes
             ... and 3 gems on Jan 28, 2024!
             The game lasted 04:31:14 (112516 turns).

Bobbunny the Conqueror (Formicid Fighter)         Turns: 112516, Time: 04:31:14

Health: 273/273    AC: 41    Str: 34    XL:     27
Magic:  58/58      EV: 31    Int: 13    God:    Fedhas [......]
Gold:   16441      SH: 21    Dex: 26    Spells: 71/71 levels left

rFire   + + .        t - +9 executioner's axe (heavy)
rCold   + + +        u - +3 warlock's mirror {omnireflect}
rNeg    + + +        a - +15 Maxwell's patent armour {-Cast -Tele rElec Will+ rCorr}
rPois   ∞            (helmet unavailable)
rElec   +            O - scarf {rC+ rF+}
rCorr   +            Q - +3 pair of gauntlets of War {Slay+5}
SInv    +            g - +2 pair of boots {rampage}
Will    +++++        k - amulet of Vanity {Reflect rC+ MP+9 Int-2 Dex+7 SH+5} Stlth
                     s - ring of Xom's Wantonness {rC+ rN+ Will+ Int+2 SInv}
HPRegen 0.65/turn    q - ring "Nuugran" {rF+ Str+3 Int+3 Dex+6}
MPRegen 0.36/turn

%: no spellcasting, reflection, rampage
@: death-form, studying 2 skills
A: vile attack, torment immunity, no potions, permanent stasis, dig shafts and
tunnels, antennae 3, four strong arms, talons 1, deformed body, dopey 1, robust
1, inability to read after injury 1
0: Orb of Zot
}: 15/15 runes: decaying, slimy, silver, golden, iron, obsidian, icy, bone,
abyssal, demonic, glowing, magical, fiery, dark, gossamer
a: Dig, Shaft Self, Siphon Essence, Begin Untransformation, Renounce Religion


You escaped.
You worshipped Fedhas.
Fedhas was noncommittal.
You were an undying horror.
You visited 18 branches of the dungeon, and saw 88 of its levels.
You visited Pandemonium 6 times, and saw 32 of its levels.
You visited the Abyss 4 times.
You visited 1 ziggurat, and saw 15 of its levels.
You also visited: Trove, Wizlab and Desolation.

You collected 20245 gold pieces.
You spent 3804 gold pieces at shops.

Inventory:

Hand Weapons
 n - a +9 antimagic broad axe
 t - a +9 heavy executioner's axe (weapon)
 C - the +27 heavy crossbow "Sniper" {heavy, Acc+∞ SInv}
   (You found it on level 3 of the Tomb of the Ancients)

   Acc+∞: It never misses its target.
   SInv:      It lets you see invisible.
 Y - the +6 arbalest "Damnation" {damnation}
   (You found it on level 12 of a ziggurat)
Missiles
 m - 51 boomerangs (quivered)
 o - 7 darts of dispersal
 r - 45 silver javelins
 w - 46 javelins
 E - 12 throwing nets
Armour
 a - the +15 Maxwell's patent armour (worn) {-Cast -Tele rElec Will+ rCorr}
   (Okawaru gifted it to you on level 3 of the Lair of Beasts)

   rElec:     It insulates you from electricity.
   Will+:     It increases your willpower.
   -Cast:     It prevents spellcasting.
   -Tele:     It prevents most forms of teleportation.
   rCorr:     It protects you from acid and corrosion.
 g - a +2 pair of boots of rampaging (worn)
 u - the +3 warlock's mirror (worn) {omnireflect}
   (You found it on level 13 of the Dungeon)

   Omnireflect: It can block and reflect piercing ranged attacks and magical
   attacks against the wielder's willpower.
 O - a scarf of resistance (worn)
 Q - the +3 pair of gauntlets of War (worn) {Slay+5}
   (You acquired it on level 5 of the Lair of Beasts)

   Slay+5:    It affects your accuracy & damage with ranged weapons and melee
   (+5).
 R - a +8 tower shield of protection
Jewellery
 b - the ring of the Madman {rCorr Str+3 Slay+4}
   (You found it on level 4 of a ziggurat)

   [ring of resist corrosion]

   Str+3:     It affects your strength (+3).
   Slay+4:    It affects your accuracy & damage with ranged weapons and melee
   (+4).
   rCorr:     It protects you from acid and corrosion.
 k - the amulet of Vanity (around neck) {Reflect rC+ MP+9 Int-2 Dex+7 SH+5}
   (You found it in Pandemonium)

   [amulet of reflection]

   Reflect:   It reflects blocked missile attacks.
   Int-2:     It affects your intelligence (-2).
   Dex+7:     It affects your dexterity (+7).
   rC+:       It protects you from cold.
   MP+9:      It affects your magic capacity (+9).
   SH+5:      It affects your SH (+5).
 q - the ring "Nuugran" (right hand) {rF+ Str+3 Int+3 Dex+6}
   (You found it on level 11 of the Dungeon)

   [ring of dexterity]

   Str+3:     It affects your strength (+3).
   Int+3:     It affects your intelligence (+3).
   Dex+6:     It affects your dexterity (+6).
   rF+:       It protects you from fire.
 s - the ring of Xom's Wantonness (left hand) {rC+ rN+ Will+ Int+2 SInv}
   (You took it off a balrug in Pandemonium)

   [ring of see invisible]

   Int+2:     It affects your intelligence (+2).
   rC+:       It protects you from cold.
   rN+:       It protects you from negative energy.
   Will+:     It increases your willpower.
   SInv:      It lets you see invisible.
 z - the amulet of Kubb {Acrobat rElec rF+}
   (You found it in Pandemonium)

   [amulet of the acrobat]

   Acrobat:   It increases your evasion while moving and waiting.
   rF+:       It protects you from fire.
   rElec:     It insulates you from electricity.
 F - the ring "Wumav" {rElec rF+ EV+5 Str+2}
   (You found it in a treasure trove)

   [ring of evasion]

   EV+5:      It affects your evasion (+5).
   Str+2:     It affects your strength (+2).
   rF+:       It protects you from fire.
   rElec:     It insulates you from electricity.
 P - a ring of flight
Talismans
 U - a talisman of death (active)
Wands
 i - a wand of iceblast (54)
 D - a wand of digging (23)
 K - a wand of light (87)
Scrolls
 l - 12 scrolls of revelation
 p - a scroll of brand weapon
 v - 8 scrolls of torment
 A - 5 scrolls of enchant armour
 H - 11 scrolls of enchant weapon
 J - 2 scrolls of vulnerability
 M - 18 scrolls of poison
 N - 7 scrolls of silence
 T - 14 scrolls of fog
 V - 4 scrolls of fear
Potions
 c - a potion of mutation
 d - 13 potions of might
 e - 8 potions of enlightenment
 h - 8 potions of ambrosia
 j - 37 potions of curing
 x - 8 potions of magic
 B - 11 potions of attraction
 G - 18 potions of heal wounds
 I - 3 potions of cancellation
 L - 4 potions of lignification
 S - 3 potions of resistance
Miscellaneous
 W - a figurine of a ziggurat
 Z - a phial of floods


   Skills:
 O Level 27 Fighting
 O Level 27 Axes
 + Level 13.2 Ranged Weapons
 O Level 27 Throwing
 O Level 27 Armour
 O Level 27 Dodging
 - Level 3.0 Stealth
 O Level 27 Shields
 + Level 22.6 Spellcasting
 + Level 22.4 Fire Magic
 - Level 15.0 Invocations
 - Level 5.0 Evocations
 O Level 27 Shapeshifting


You had 71 spell levels left.
You didn't know any spells.
Your spell library contained the following spells:

 Spells                   Type           Power      Damage    Failure   Level
 Scorch                   Fire           100%       2d9       0%          2
 Foxfire                  Conj/Fire      100%       2x1d9     1%          1
 Inner Flame              Hex/Fire       43%        N/A       1%          3
 Volatile Blastmotes      Fire/Tloc      86%        2d17      1%          3
 Flame Wave               Conj/Fire      43%        2d11      1%          4
 Ignite Poison            Fire/Alch      43%        N/A       1%          4
 Sticky Flame             Fire/Alch      43%        2d8       1%          4
 Fireball                 Conj/Fire      21%        3d10      1%          5
 Ignition                 Fire           32%        3d10      4%          8
 Apportation              Tloc           28%        N/A       8%          1
 Freeze                   Ice            56%        1d7       8%          1
 Kiss of Death            Conj/Necr      56%        2d9       8%          1
 Magic Dart               Conj           56%        1d5       8%          1
 Necrotise                Necr           56%        1d6       8%          1
 Shock                    Conj/Air       56%        1d6       8%          1
 Slow                     Hex            56%        N/A       8%          1
 Sting                    Conj/Alch      56%        1d6       8%          1
 Summon Small Mammal      Summ           56%        N/A       8%          1
 Call Imp                 Summ           28%        N/A       12%         2
 Cigotuvi's Dreadful Rot  Necr/Alch/Air  28%        N/A       12%         2
 Ensorcelled Hibernation  Hex/Ice        28%        N/A       12%         2
 Jinxbite                 Hex            28%        N/A       12%         2
 Lesser Beckoning         Tloc           28%        N/A       12%         2
 Mercury Vapours          Alch/Air       28%        N/A       12%         2
 Momentum Strike          Conj/Tloc      28%        3d8       12%         2
 Searing Ray              Conj           28%        2d5       12%         2
 Static Discharge         Conj/Air       28%        3-5/arc   12%         2
 Sublimation of Blood     Necr           14%        N/A       12%         2
 Plasma Beam              Fire/Air       21%        2x1d33    12%         6
 Starburst                Conj/Fire      21%        6d7       12%         6
 Call Canine Familiar     Summ           14%        N/A       22%         3
 Confusing Touch          Hex            14%        N/A       22%         3
 Dazzling Flash           Conj/Hex       28%        N/A       22%         3
 Frozen Ramparts          Ice            28%        1d5       22%         3
 Fugue of the Fallen      Necr           14%        N/A       22%         3
 Gell's Gravitas          Tloc           14%        N/A       22%         3
 Hailstorm                Conj/Ice       14%        3d6       22%         3
 Mephitic Cloud           Conj/Alch/Air  14%        N/A       22%         3
 Ozocubu's Armour         Ice            14%        N/A       22%         3
 Passwall                 Erth           14%        N/A       22%         3
 Sigil of Binding         Hex            14%        N/A       22%         3
 Teleport Other           Tloc           14%        N/A       22%         3
 Tukima's Dance           Hex            14%        N/A       22%         3
 Vampiric Draining        Necr           14%        2d7       22%         3
 Airstrike                Air            7%         2d(1-17)  58%         4
 Anguish                  Hex/Necr       7%         N/A       58%         4
 Animate Armour           Summ/Erth      28%        N/A       58%         4
 Brom's Barrelling Bould  Conj/Erth      14%        2d4       58%         4
 Cause Fear               Hex            7%         N/A       58%         4
 Dimensional Bullseye     Hex/Tloc       7%         N/A       58%         4
 Dispel Undead            Necr           14%        3d10      58%         4
 Fulminant Prism          Conj/Alch      7%         3d7       58%         4
 Iskenderun's Mystic Bla  Conj/Tloc      14%        2d5       58%         4
 Leda's Liquefaction      Alch/Erth      7%         N/A       58%         4
 Manifold Assault         Tloc           14%        N/A       58%         4
 Martyr's Knell           Necr/Summ      14%        N/A       58%         4
 Olgreb's Toxic Radiance  Alch           14%        N/A       58%         4
 Passage of Golubria      Tloc           14%        N/A       58%         4
 Petrify                  Alch/Erth      14%        N/A       58%         4
 Summon Lightning Spire   Summ/Air       14%        N/A       58%         4
 Alistair's Intoxication  Alch           9%         N/A       91%         5
 Arcjolt                  Conj/Air       7%         1d17      91%         5
 Borgnjor's Vile Clutch   Necr/Erth      7%         N/A       91%         5
 Curse of Agony           Necr           14%        N/A       91%         5
 Freezing Cloud           Conj/Ice/Air   7%         6-21      91%         5
 Irradiate                Conj/Alch      7%         3d14      91%         5
 Iskenderun's Battlesphe  Conj           14%        2d7       91%         5
 Lee's Rapid Deconstruct  Erth           7%         3d6*      91%         5
 Metabolic Englaciation   Hex/Ice        7%         N/A       91%         5
 Silence                  Hex/Air        7%         N/A       91%         5
 Summon Forest            Summ/Tloc      7%         N/A       91%         5
 Summon Mana Viper        Hex/Summ       14%        N/A       91%         5
 Yara's Violent Unravell  Hex/Alch       7%         3d5       91%         5
 Bombard                  Conj/Erth      7%         9d2       100%        6
 Conjure Ball Lightning   Conj/Air       7%         3x3d6     100%        6
 Death Channel            Necr           7%         N/A       100%        6
 Dispersal                Tloc           7%         N/A       100%        6
 Eringya's Noxious Bog    Alch           7%         4d6       100%        6
 Summon Cactus Giant      Summ           7%         N/A       100%        6
 Enfeeble                 Hex            7%         N/A       100%        7
 Orb of Destruction       Conj           7%         9d6       100%        7
 Spellforged Servitor     Conj/Summ      7%         N/A       100%        7
 Summon Hydra             Summ           7%         N/A       100%        7
 Discord                  Hex            7%         N/A       100%        8
 Disjunction              Tloc           7%         N/A       100%        8
 Lehudib's Crystal Spear  Conj/Erth      7%         10d3      100%        8
 Maxwell's Capacitive Co  Air            7%         ∞         100%        8
 Chain Lightning          Conj/Air       7%         3d9       100%        9
 Death's Door             Necr           7%         N/A       100%        9
 Dragon's Call            Summ           7%         N/A       100%        9
 Fire Storm               Conj/Fire      21%        8d6       100%        9
 Shatter                  Erth           7%         3d9*      100%        9
 Blink                    Tloc           Unusable   N/A       N/A         2
 Swiftness                Air            Unusable   N/A       N/A         3
 Vhi's Electric Charge    Tloc/Air       Unusable   N/A       N/A         4

Dungeon Overview and Level Annotations

Branches:
Dungeon (15/15)            Temple (1/1) D:6            Lair (5/5) D:11
  Swamp (4/4) Lair:3       Spider (4/4) Lair:2        Slime (5/5) Lair:5
    Orc (2/2) D:12            Elf (3/3) Orc:2        Vaults (5/5) D:14
  Crypt (3/3) Vaults:3       Tomb (3/3) Crypt:3      Depths (4/4) D:15
   Hell (visited)             Dis (7/7) Hell            Geh (7/7) Hell
    Coc (7/7) Hell            Tar (7/7) Hell            Zot (5/5) Depths:4
 WizLab (visited)         Desolation (visited)

Altars:
Ashenzari
Cheibriados
Dithmenos
Elyvilon
Fedhas
Gozag
Hepliaklqana
Kikubaaqudgha
Makhleb
Nemelex Xobeh
Okawaru
Qazlal
Ru
Sif Muna
Trog
Uskayaw
Vehumet
Wu Jian
Xom
Yredelemnul
Zin
The Shining One
Lugonu

Shops:
Orc:1 ?   Orc:2 (=(*   Elf:2 (   Elf:3 (   Vaults:1 [   Vaults:3 !   Vaults:4 (

Portals:
Hell: Depths:1 Depths:2 Depths:3 Depths:4
Abyss: Depths:1 Depths:3 Depths:4
Pandemonium: Depths:1 Depths:2

Annotations:
D:10 4 transporters


Innate Abilities, Weirdness & Mutations

You are an undying horror.
Your melee and unarmed attacks drain, slow and weaken victims.
You are immune to unholy pain and torment.
You cannot drink.
You are immune to poison.
You cannot be hasted, slowed, berserked, paralysed or teleported.
You can dig through walls and to a lower floor.
You have a pair of large antennae on your head. (SInv)
Your four strong arms can wield two-handed weapons with a shield.
You have sharp toenails.
Armour fits poorly on your strangely shaped body.
You are dopey. (Int -2)
You are robust. (+10% HP)
You occasionally lose the ability to read scrolls when taking damage.


Message History

A mysterious force pulls you upwards. The hatch slams shut behind you.
There is an escape hatch in the ceiling here.
A mysterious force pulls you upwards. The hatch slams shut behind you.
Aiming: Dig
Press: ? - help, Shift-Dir - straight line You can't see that place. [a rock wall.]
The rock shatters into small pieces.
Aiming: Dig
Press: ? - help, Shift-Dir - straight line You can't see that place. [the floor.]
The rock shatters into small pieces.
There is a stone staircase leading up here.
You climb upwards.
There is a stone staircase leading down here.
Aiming: Dig
Press: ? - help, Shift-Dir - straight line You can't see that place. [a rock wall.]
The rock shatters into small pieces.
There is a stone staircase leading up here.
You climb upwards.
There is a stone staircase leading down here.
An ice devil comes into view.
You block the ice devil's attack.
You hit the ice devil.
The ice devil decays.
The ice devil is lightly wounded.
You cut the ice devil into ribbons!!!
You kill the ice devil!
Fedhas accepts your kill.
No target in view!
A Tzitzimitl comes into view.
Aiming: Dig
Press: ? - help, Shift-Dir - straight line You can't see that place. [a rock wall.]
The rock shatters into small pieces.
There is a staircase leading out of the dungeon here.
You have escaped!

#.#..#...##..###....#....#
#.#..#.###..## ##.....##.# #
#.#..#.###.## #....###.# #
#.#..#.##..# ##....###.## #
#.#..#.##.## #......##..#
#####.#..#.##.### ##...#...##.#
....#.#..#.##...###...##.#.##.#
....'.#..#.####......###...##.#
....######.# ##z.#### ##.###.#
...........# ##.## ##.##..#
.....###...# ##.## #..##.##
......##...###.#########.###.####
....#.##...##....................
####...>...{.......#.............
####.#...........#......#%.######
...........##....#....#...##
####.#......#....#.#.######


There were no monsters in sight!

Vanquished Creatures
  Cerebov (Arena)
  Antaeus (Coc:7)
  46 pandemonium lords
  Asmodeus (Geh:7)
  the Royal Jelly (Slime:5)
  Ereshkigal (Arena)
  the Serpent of Hell (Dis:7)
  Gloorx Vloq (Pan)
  3 seraphim
  Mnoleg (Pan)
  Lom Lobon (Arena)
  4 dread liches
  Khufu (Tomb:3)
  Dispater (Dis:7)
  7 ancient liches
  Mennas (Tomb:3)
  3 orbs of fire
  4 juggernauts
  32 royal mummies
  Sojobo (Depths:2)
  the Lernaean hydra (Swamp:4)
  A Head Instructor (WizLab)
  5 Killer Klowns
  24 caustic shrikes
  16 shard shrikes
  Geryon (Arena)
  A curse toe (Zot:5)
  11 golden dragons
  27 profane servitors
  11 bone dragons
  Norris (Depths:1)
  10 doom hounds
  37 Tzitzimimeh
  Arachne (Spider:4)
  Jorgrun (D:13)
  21 Brimstone Fiends
  An electric golem (Zot:5)
  A spectral shard shrike (Tar:2)
  21 tentacled monstrosities
  Zenata (Crypt:1)
  13 hellephants
  64 Orb Guardians
  32 Hell Sentinels
  50 Ice Fiends
  A shard shrike skeleton (Abyss:4)
  13 iron giants
  A deep elf blademaster (Elf:3)
  Asterion (Elf:3)
  5 liches
  32 tainted leviathans
  5 quicksilver dragons
  15 sphinxes
  3 deep elf master archers
  25 searing wretches
  An eldritch tentacle (Zig:12)
  11 titans
  2 death cobs
  19 acid blobs
  49 Executioners
  31 ancient champions
  A thorn hunter (Abyss:4)
  7 tentacled starspawn
  7 shadow dragons
  11 storm dragons
  10 tengu reavers
  Aizul (Swamp:1)
  8 revenants
  7 rockslimes
  3 draconian monks
  9 azure jellies
  5 fenstrider witches
  26 demonspawn warmongers
  A draconian knight (WizLab)
  5 narguns
  9 protean progenitors
  8 daevas
  12 deep elf sorcerers
  3 nagarajas
  10 quicksilver elementals
  3 iron dragons
  14 fire giants
  An imperial myrmidon (Desolation)
  2 spectral juggernauts
  26 vault wardens
  4 emperor scorpions
  26 ghost moths
  8 frost giants
  5 draconian shifters
  9 shard shrike simulacra
  A juggernaut zombie (Hell)
  A caustic shrike zombie (Depths:2)
  76 balrugs
  4 curse skulls
  4 draconian scorchers
  Louise (Swamp:4)
  2 draconian stormcallers
  20 ironbound preservers
  2 ghouls
  50 reapers
  3 orc warlords
  2 spectral caustic shrikes
  3 spriggan defenders
  13 demonspawn corrupters
  5 deep elf elementalists (Elf:3)
  3 draconian annihilators
  5 ironbound thunderhulks
  14 demonspawn blood saints
  5 caustic shrike skeletons
  15 stone giants
  5 broodmothers
  12 angels
  25 very ugly things
  52 cacodemons
  7 ophanim (Pan)
  2 apis (Pan)
  5 vampire knights
  6 quicksilver oozes
  11 deep elf death magi
  6 juggernaut skeletons (Pan)
  6 green draconians
  3 eleionomae
  19 elemental wellsprings
  24 demonspawn black suns
  6 formless jellyfish
  8 black draconians
  9 deep elf annihilators
  Nessos (Lair:4)
  47 lorocyprocas
  4 deep elf demonologists
  32 war gargoyles
  9 wendigos
  12 dire elephants
  5 white draconians
  34 putrid mouths
  16 red draconians
  6 bennus
  3 halazid warlocks (Desolation)
  7 bunyips
  A spark wasp (shapeshifter) (Vaults:5)
  3 spark wasps
  4 purple draconians
  2 spectral titans
  A yellow draconian (Zot:5)
  11 eidola
  A spectral iron giant (Tar:5)
  20 iron golems
  3 merfolk javelineers (Zig:13)
  7 ragged hierophants (Desolation)
  4 spectral quicksilver dragons
  3 shambling mangroves
  12 ettins
  9 fire dragons
  5 crystal guardians
  29 green deaths
  3 merfolk impalers (Zig:13)
  23 mummy priests
  An entropy weaver (shapeshifter) (Vaults:5)
  27 blizzard demons
  13 yaktaur captains
  6 entropy weavers
  9 jiangshi
  2 spectral krakens (Tar:7)
  The ghost of SirLogeyBear the Severer, a journeyman HOBe of Trog (D:11)
  26 great orbs of eyes
  8 spectral spriggans
  A spectral golden dragon (Tar:5)
  Josephine (Lair:4)
  3 deep elf high priests
  12 rakshasas
  34 vault guards
  Fannar (D:11)
  Harold (D:11)
  7 peacekeepers
  2 servants of whispers (Desolation)
  19 hydras
  12 salamander tyrants
  15 hell beasts
  14 ironbound frosthearts
  2 fenstrider witch skeletons
  7 juggernaut simulacra
  2 ghost crabs
  5 spriggan air magi
  4 spriggan skeletons
  4 jorogumos (Pan)
  An anaconda (Zig:4)
  A catoblepas (Lair:3)
  8 caustic shrike simulacra
  7 stokers
  7 boulder beetles
  13 ice dragons
  Erica (D:8)
  3 death knights
  11 ogre magi
  51 dancing weapons
  An alligator snapping turtle (Zig:13)
  21 two-headed ogres
  14 centaur warriors
  6 radroaches
  9 alligators
  19 death yaks
  A naga warrior (Zig:14)
  88 death scarabs
  3 deep troll shamans
  The ghost of stipulation the Lord of Darkness, a journeyman VSNe of Kikubaaqudgha (Lair:3)
  5 merfolk aquamancers
  9 vampire magi
  39 demonic crawlers
  58 hell hogs
  2 spectral dire elephants (Tar:2)
  6 tengu warriors
  3 occultists
  An azure jelly zombie (Crypt:3)
  13 thrashing horrors
  6 deep troll earth magi
  17 hell knights
  A naga sharpshooter (Zig:14)
  3 orc high priests
  6 shock serpents
  102 soul eaters
  170 sun demons
  21 deep elf knights
  A storm dragon zombie (Hell)
  A titan zombie (Zig:6)
  12 crystal echidnas
  10 spriggan berserkers
  3 hellephant skeletons (Pan)
  A salamander mystic (WizLab)
  A titan skeleton (Abyss:3)
  4 sea snakes
  13 shadow wraiths
  3 spectral bunyips (Tar:1)
  A fire crab (shapeshifter) (Depths:1)
  17 skeletal warriors
  9 iron trolls
  9 skysharks
  14 wretched stars
  7 goliath frogs
  75 sixfirhies
  9 cherubim (Pan)
  15 swamp dragons
  2 bunyip zombies
  5 spatial maelstroms
  7 spriggan druids
  A glowing orange brain (shapeshifter) (Vaults:5)
  13 ironbound convokers
  8 pharaoh ants
  38 shadow demons
  10 orb spiders
  A quicksilver dragon simulacrum (Coc:7)
  A spectral hydra (Tar:1)
  2 spectral anacondas (Tar:3)
  111 large abominations
  6 mana vipers (WizLab)
  68 deep trolls
  10 glowing orange brains
  6 flayed ghosts
  8 sun moths
  25 phantasmal warriors
  9 deep elf archers
  A naga ritualist (Zig:4)
  11 arcanists
  2 bog bodies
  5 spriggan simulacra
  2 shadow dragon zombies (Hell)
  9 necromancers
  3 lindwurms
  6 orc knights
  2 alligator zombies (Hell)
  25 deep elf pyromancers
  94 starcursed masses
  6 steelbarb worms
  An anaconda skeleton (Hell)
  A steelbarb worm (shapeshifter) (Zig:12)
  2 tengu skeletons
  An oklob plant (Lair:1)
  A stone giant zombie (Hell)
  2 orc sorcerers
  2 harpies
  An iron dragon zombie (Crypt:3)
  33 deep elf zephyrmancers
  4 spectral ettins
  26 wolf spiders
  2 frost giant zombies (Hell)
  Maurice (D:11)
  20 moths of wrath
  5 manticores
  A fire giant zombie (Hell)
  5 will-o-the-wisps
  6 worldbinders
  8 cyclopes
  6 shining eyes
  33 ugly things
  15 elephants
  2 spectral centaurs
  13 vault sentinels
  2 kobold blastminers (Zig:2)
  An alligator skeleton (Hell)
  5 black mambas
  4 apocalypse crabs
  5 naga magi
  A spectral alligator snapping turtle (Tar:3)
  An elephant (shapeshifter) (Elf:2)
  A black mamba (shapeshifter) (Abyss:4)
  3 merfolk sirens
  22 rust devils
  8 molten gargoyles
  A naga zombie (Hell)
  6 water nymphs
  2 naga skeletons
  Joseph (D:8)
  A water nymph (shapeshifter) (Vaults:5)
  3 guardian serpents
  9 meliai
  A stone giant skeleton (Hell)
  12 cane toads
  4 torpor snails
  2 dire elephant zombies
  3 titan simulacra
  2 ice statues (Hell)
  105 smoke demons
  Jeremiah (D:8)
  7 eyes of devastation
  2 gargoyles
  4 unseen horrors
  10 spectral swamp worms (Tar:7)
  10 freezing wraiths
  63 orange demons
  10 efreet
  A mana viper skeleton (Crypt:2)
  A green draconian zombie (Crypt:1)
  A spriggan zombie (Hell)
  4 rime drakes
  3 kobold demonologists
  32 yaktaurs
  57 hellions
  4 tengu conjurers
  13 komodo dragons
  7 anaconda simulacra
  2 golden dragon simulacra (Coc:7)
  5 spectral nagas
  An iron giant simulacrum (Coc:4)
  20 red devils
  2 sea snake zombies (Hell)
  A spectral human (Zig:11)
  A grey draconian skeleton (Crypt:3)
  7 ice devils
  64 tormentors
  11 ancient zymes
  2 silent spectres
  38 guardian mummies
  2 sea snake skeletons
  4 bloated husks
  9 trolls
  60 hellwings
  7 spectral harpies
  8 tyrant leeches
  A death drake zombie (Crypt:2)
  13 hornets
  A shadow dragon simulacrum (Coc:1)
  Prince Ribbit (D:9)
  3 merfolk (Zig:13)
  A wind drake (Zig:13)
  A catoblepas skeleton (Hell)
  A polar bear (Lair:4)
  39 saltlings (Desolation)
  A hydra skeleton (Hell)
  2 ettin zombies (Hell)
  An alligator simulacrum (Hell)
  A guardian serpent zombie (Crypt:1)
  A blink frog (shapeshifter) (Zig:9)
  26 blink frogs
  An iron dragon simulacrum (Coc:5)
  An ice dragon zombie (Crypt:3)
  13 raiju
  A snapping turtle (shapeshifter) (Depths:4)
  4 dream sheep (Lair:4)
  8 glass eyes
  22 tarantellas
  2 harpy skeletons
  90 slime creatures
  A stone giant simulacrum (Hell)
  14 wraiths
  2 air elementals
  26 jumping spiders
  7 shadows
  2 centaur simulacra
  25 water elementals
  90 ynoxinuls
  10 spriggans
  4 fire elementals
  19 culicivoras
  A slime creature zombie (Crypt:1)
  5 dire elephant simulacra
  A yak (shapeshifter) (Abyss:3)
  4 fire bats (Pan)
  48 yaks
  20 ushabtiu
  An alligator snapping turtle simulacrum (Coc:3)
  A black mamba skeleton (Tomb:1)
  10 golden eyes
  2 steam dragons
  Grum (D:11)
  57 redbacks
  69 neqoxecs
  5 wargs
  A redback (shapeshifter) (Zig:15)
  5 basilisks
  58 chaos spawn
  10 small abominations
  A human zombie (Hell)
  14 swamp worms
  3 glowing shapeshifter zombies (Hell)
  13 harpy simulacra
  A naga (Zig:4)
  A demonspawn zombie (Tomb:1)
  3 acid dragons
  5 spatial vortices (Abyss:3)
  2 hydra simulacra
  13 hell hounds
  11 water moccasins
  A water nymph skeleton (Crypt:3)
  17 swamp drakes
  2 black bears
  A sky beast (D:6)
  27 orc warriors
  3 ice beasts
  52 laughing skulls
  3 ettin simulacra
  27 ogres
  30 wolves
  A blink frog skeleton (Crypt:1)
  27 centaurs
  11 weeping skulls
  7 kobold brigands
  A phantom (D:7)
  3 earth elementals
  A brain worm (Abyss:3)
  13 bullfrogs
  2 necrophages (Crypt:3)
  2 naga simulacra
  2 scorpions
  14 wights
  A warg zombie (Crypt:3)
  14 killer bees
  5 electric eels
  4 howler monkeys
  A bombardier beetle (D:5)
  A gnoll bouda (D:7)
  5 quasits
  20 orc priests
  6 hounds
  An iron imp (Abyss:3)
  A sleepcap (D:6)
  Jessica (D:2)
  4 jellies
  Ijyb (D:3)
  Natasha (thrice) (D:2)
  6 iguanas
  24 orc wizards
  8 hell rats
  63 mummies
  A howler monkey skeleton (Crypt:1)
  7 adders
  7 gnolls
  A shadow imp (D:5)
  4 white imps
  3 ufetubi
  An iguana zombie (Crypt:1)
  A dart slug (D:4)
  3 ribbon worms
  89 orcs
  5 endoplasms
  A giant cockroach (D:2)
  8 goblins
  2 hobgoblins (D:2)
  3 jackals (D:3)
  20 kobolds
  2 quokkas
  12 ball pythons
  9 bats
  8 frilled lizards
  A goblin skeleton (Crypt:2)
  7 rats
  2 aspiring fleshes
  8 ball lightnings (Pan)
  A butterfly (Lair:1)
  7 creeping infernos
  7 fire vortices (Geh:7)
  11 starspawn tentacles
  4 tentacles (Tar:7)
5662 creatures vanquished.

Vanquished Creatures (others)
  A Tzitzimitl (Coc:4)
  3 Brimstone Fiends (Pan)
  An Orb Guardian (Tomb:1)
  An Ice Fiend (Coc:7)
  An Executioner (Pan)
  An eldritch tentacle (Pan)
  An ancient champion (Dis:7)
  A tengu reaver (Depths:2)
  A demonspawn warmonger (Pan)
  A reaper (Pan)
  4 demonspawn blood saints (Pan)
  A wendigo (Coc:7)
  A lorocyproca (Pan)
  A bunyip (Swamp:3)
  A hell beast (Pan)
  A caustic shrike simulacrum (Coc:7)
  A merfolk aquamancer (Zig:13)
  A soul eater (Pan)
  3 sun demons
  A quicksilver dragon simulacrum (Coc:7)
  A goliath frog (Swamp:2)
  An ironbound convoker (Desolation)
  A spriggan simulacrum (Coc:6)
  A deep elf zephyrmancer (Elf:1)
  A necromancer (Hell)
  A manticore (Zig:13)
  3 large abominations (Pan)
  A molten gargoyle (Geh:7)
  2 orange demons (Pan)
  3 smoke demons (Pan)
  An anaconda simulacrum (Coc:4)
  A bloated husk (Swamp:4)
  A saltling (Desolation)
  An iron dragon simulacrum (Coc:7)
  A jumping spider (Spider:4)
  2 dire elephant simulacra
  4 ynoxinuls (Pan)
  An air elemental (Elf:3)
  A neqoxec (Pan)
  A golden eye (Abyss:3)
  A chaos spawn (Pan)
  3 harpy simulacra
  A laughing skull (Crypt:3)
  2 brain worms (Abyss:3)
  A naga simulacrum (Coc:7)
  A weeping skull (Abyss:3)
  11 ball lightnings (Pan)
  2 creeping infernos
  A fire vortex (Geh:7)
  10 foxfires
  A lurking horror (Abyss:3)
  19 spectral weapons
  11 starspawn tentacles
  7 tentacles (Tar:7)
127 creatures vanquished.

Grand Total: 5789 creatures vanquished

Notes
Turn   | Place    | Note
-------+----------+-------------------------------------------
     0 | D:1      | Bobbunny the Formicid Fighter began the quest for the Orb.
     0 | D:1      | Reached XP level 1. HP: 18/18 MP: 1/1
   128 | D:1      | Reached XP level 2. HP: 15/24 MP: 2/2
   628 | D:1      | Reached XP level 3. HP: 25/30 MP: 3/3
   981 | D:2      | Noticed Jessica
   987 | D:2      | Killed Jessica
   988 | D:2      | Reached XP level 4. HP: 18/37 MP: 4/4
  1410 | D:2      | Noticed Natasha
  1413 | D:2      | Killed Natasha
  1865 | D:2      | Noticed Natasha
  1875 | D:2      | Killed Natasha
  1876 | D:2      | Reached XP level 5. HP: 38/43 MP: 5/5
  1914 | D:3      | Reached skill level 5 in Fighting
  1984 | D:2      | Noticed Natasha
  1997 | D:2      | Killed Natasha
  2364 | D:3      | Reached XP level 6. HP: 50/51 MP: 6/6
  2388 | D:3      | Reached skill level 1 in Stealth
  2434 | D:3      | Found a faded altar of an unknown god.
  2448 | D:3      | Noticed Ijyb
  2460 | D:3      | Killed Ijyb
  3080 | D:4      | Reached XP level 7. HP: 35/57 MP: 7/7
  3670 | D:4      | Found an opulent altar of Gozag.
  3882 | D:5      | Entered Level 5 of the Dungeon
  4014 | D:5      | Reached skill level 5 in Axes
  4104 | D:5      | Found a snail-covered altar of Cheibriados.
  4315 | D:5      | Reached skill level 1 in Throwing
  5009 | D:6      | Noticed a steam dragon
  5020 | D:6      | Killed a steam dragon
  5021 | D:6      | Reached XP level 8. HP: 28/65 MP: 8/8
  5206 | D:6      | Found a staircase to the Ecumenical Temple.
  5212 | Temple   | Entered the Ecumenical Temple
  5250 | Temple   | Became a worshipper of Warmaster Okawaru
  5345 | D:6      | Found a burning altar of Makhleb.
  5526 | D:6      | Found a basalt altar of Yredelemnul.
  6003 | D:7      | Reached * piety under Okawaru
  6178 | D:6      | Reached XP level 9. HP: 16/74 MP: 9/9
  6677 | D:7      | Found a broken altar of Ashenzari.
  6930 | D:7      | Reached skill level 5 in Throwing
  7293 | D:7      | Found a white marble altar of Elyvilon.
  7698 | D:8      | Noticed Erica
  7725 | D:8      | Killed Erica
  7725 | D:8      | Reached ** piety under Okawaru
  7726 | D:8      | Reached XP level 10. HP: 53/83 MP: 10/10
  7977 | D:8      | Noticed Jeremiah
  8742 | D:9      | Reached *** piety under Okawaru
  8743 | D:9      | Reached skill level 10 in Fighting
  9377 | D:9      | Noticed a two-headed ogre
  9381 | D:9      | Killed a two-headed ogre
  9381 | D:9      | Reached **** piety under Okawaru
  9401 | D:9      | Reached skill level 10 in Axes
  9402 | D:9      | Noticed a kobold demonologist
  9408 | D:9      | Noticed a rust devil
  9409 | D:9      | Noticed a soul eater
  9418 | D:9      | Killed a kobold demonologist
  9516 | D:8      | Noticed Joseph
  9522 | D:9      | Reached XP level 11. HP: 53/93 MP: 11/11
  9650 | D:8      | Killed Joseph
  9943 | D:8      | Killed Jeremiah
  9983 | D:9      | Noticed Prince Ribbit
 10000 | D:9      | Killed Prince Ribbit
 10183 | D:9      | Found an ornate altar of the Wu Jian Council.
 10284 | D:9      | Found a transporter.
 10287 | D:9      | Noticed a centaur warrior
 10290 | D:9      | Noticed a cyclops
 10291 | D:9      | Found a transporter.
 10306 | D:9      | Found a sacrificial altar of Ru.
 10306 | D:9      | Found a bloodstained altar of Trog.
 10612 | D:10     | Entered Level 10 of the Dungeon
 10695 | D:10     | Reached ***** piety under Okawaru
 10789 | D:10     | Noticed a two-headed ogre
 10795 | D:10     | Killed a two-headed ogre
 10841 | D:10     | Found a transporter.
 10881 | D:10     | Received a gift from Okawaru
 10893 | D:10     | Reached skill level 1 in Invocations
 10978 | D:10     | Found a transporter.
 10978 | D:10     | Noticed a two-headed ogre
 10984 | D:10     | Reached skill level 1 in Dodging
 11232 | D:10     | Killed a two-headed ogre
 11527 | D:10     | Found a transporter.
 11575 | D:10     | Found a transporter.
 11728 | D:11     | Noticed a boulder beetle
 11740 | D:11     | Killed a boulder beetle
 11741 | D:11     | Reached skill level 5 in Shields
 12317 | D:8      | Reached XP level 12. HP: 102/103 MP: 14/14
 12523 | D:11     | Noticed Maurice
 12532 | D:11     | Maurice stole 28 boomerangs
 12537 | D:11     | Maurice stole a ring of protection from fire
 12538 | D:11     | Killed Maurice
 12759 | D:11     | Noticed a two-headed ogre
 12766 | D:11     | Killed a two-headed ogre
 12766 | D:11     | Received a gift from Okawaru
 12767 | D:11     | Reached skill level 5 in Armour
 12909 | D:11     | Noticed a boulder beetle
 12931 | D:11     | Noticed a boulder beetle
 12941 | D:11     | Killed a boulder beetle
 12976 | D:11     | Noticed Grum
 12984 | D:11     | Killed Grum
 12984 | D:11     | Reached ****** piety under Okawaru
 13097 | D:11     | Acquired a +2 executioner's axe of draining
 13097 | D:11     | Received a gift from Okawaru
 13131 | D:11     | Killed a boulder beetle
 13132 | D:11     | Reached skill level 5 in Invocations
 13293 | D:11     | Found a staircase to the Lair.
 13594 | D:11     | Noticed a sea snake
 13726 | D:11     | Found a transporter.
 13735 | D:11     | Noticed SirLogeyBear's ghost (journeyman HOBe)
 13786 | D:11     | Noticed Harold
 13798 | D:11     | Killed Harold
 13871 | D:11     | Noticed Fannar
 13877 | D:11     | Received a gift from Okawaru
 13894 | D:11     | Killed Fannar
 13906 | D:11     | Found a transporter.
 13971 | D:11     | Noticed a sea snake
 14321 | D:12     | Reached XP level 13. HP: 71/112 MP: 17/17
 14458 | Lair:1   | Entered Level 1 of the Lair of Beasts
 14477 | D:11     | Reached skill level 5 in Dodging
 14756 | Lair:1   | Received a gift from Okawaru
 15006 | Lair:1   | Identified a scroll of acquirement
 15006 | Lair:1   | Acquired the +9 broad axe of Circularity {spect, rPois rC+
                  | SInv}
 15973 | Lair:1   | Received a gift from Okawaru
 16259 | Lair:2   | Reached skill level 15 in Fighting
 16413 | Lair:2   | Found a hole to the Spider Nest.
 16585 | Lair:2   | Reached XP level 14. HP: 123/123 MP: 18/18
 16681 | Lair:2   | Received a gift from Okawaru
 17081 | Lair:3   | Received a gift from Okawaru
 17082 | Lair:3   | Reached skill level 10 in Armour
 17237 | Lair:3   | Acquired the +15 Maxwell's patent armour {-Cast -Tele rElec
                  | Will+ rCorr}
 17237 | Lair:3   | Received a gift from Okawaru
 17237 | Lair:3   | Found the +15 Maxwell's patent armour {-Cast -Tele rElec
                  | Will+ rCorr}
 17286 | Lair:3   | Found a transporter.
 17289 | Lair:3   | Noticed stipulation's ghost (journeyman VSNe)
 17354 | Lair:3   | Found a transporter.
 17410 | Lair:3   | Received a gift from Okawaru
 17529 | Lair:3   | Found a staircase to the Swamp.
 18024 | Lair:3   | Reached skill level 15 in Axes
 18508 | Lair:4   | Noticed Josephine
 18517 | Lair:4   | Killed Josephine
 18517 | Lair:4   | Received a gift from Okawaru
 18518 | Lair:4   | Reached XP level 15. HP: 123/133 MP: 19/19
 18671 | Lair:4   | Found a burning altar of Makhleb.
 19031 | Lair:4   | Noticed Nessos
 19049 | Lair:4   | Killed Nessos
 19831 | Lair:5   | Entered Level 5 of the Lair of Beasts
 20189 | Lair:5   | Received a gift from Okawaru
 20388 | Lair:5   | Acquired the +3 pair of gauntlets of War {Slay+5}
 20388 | Lair:5   | Found the +3 pair of gauntlets of War {Slay+5}
 20556 | Lair:5   | Found a staircase to the Slime Pits.
 21237 | D:12     | Received a gift from Okawaru
 21820 | D:12     | Found a staircase to the Orcish Mines.
 22255 | Spider:1 | Entered Level 1 of the Spider Nest
 22349 | Spider:1 | Identified the +4 long sword "Xujoo" {heavy, rF+}
 22394 | Spider:1 | Reached XP level 16. HP: 97/139 MP: 22/22
 22746 | Spider:1 | Received a gift from Okawaru
 23233 | Spider:1 | Received a gift from Okawaru
 24539 | Spider:2 | Received a gift from Okawaru
 24774 | Spider:2 | Noticed an emperor scorpion
 24793 | Spider:2 | Killed an emperor scorpion
 24873 | Spider:2 | Reached XP level 17. HP: 139/153 MP: 23/23
 24994 | Spider:2 | Received a gift from Okawaru
 26198 | Spider:3 | Received a gift from Okawaru
 26517 | Spider:4 | Entered Level 4 of the Spider Nest
 26790 | Spider:4 | Noticed Arachne
 26804 | Spider:4 | Killed Arachne
 26804 | Spider:4 | Received a gift from Okawaru
 26979 | Spider:4 | Reached skill level 10 in Throwing
 27403 | Spider:4 | Received a gift from Okawaru
 27424 | Spider:4 | Reached XP level 18. HP: 118/166 MP: 0/24
 27568 | Spider:4 | Got a gossamer rune of Zot
 27620 | Spider:4 | Identified the +0 hat of the Clean God {^Contam rF+ Will++
                  | rCorr}
 28006 | Swamp:1  | Entered Level 1 of the Swamp
 28081 | Swamp:1  | Reached skill level 1 in Evocations
 28252 | Swamp:1  | Identified the serpent talisman of the Sky {rN+}
 28252 | Swamp:1  | Noticed Aizul
 28257 | Swamp:1  | Received a gift from Okawaru
 28261 | Swamp:1  | Killed Aizul
 29608 | Swamp:3  | Received a gift from Okawaru
 29728 | Swamp:3  | Noticed a tentacled monstrosity
 29736 | Swamp:3  | Killed a tentacled monstrosity
 29783 | Swamp:3  | Reached skill level 5 in Evocations
 30133 | Swamp:4  | Entered Level 4 of the Swamp
 30315 | Swamp:4  | Noticed Louise
 30338 | Swamp:4  | Killed Louise
 30864 | Swamp:4  | Received a gift from Okawaru
 31343 | Swamp:4  | Noticed the 27-headed Lernaean hydra
 31351 | Swamp:4  | Killed the 25-headed Lernaean hydra
 31352 | Swamp:4  | Reached XP level 19. HP: 122/175 MP: 17/25
 31429 | Swamp:4  | Received a gift from Okawaru
 31820 | Swamp:4  | Got a decaying rune of Zot
 32289 | Orc:1    | Entered Level 1 of the Orcish Mines
 32370 | Orc:1    | Found Tammifoc's Magic Scroll Emporium.
 32403 | Orc:1    | Bought a scroll of enchant weapon for 105 gold pieces
 32403 | Orc:1    | Bought a scroll of identify for 28 gold pieces
 32403 | Orc:1    | Bought a scroll of identify for 28 gold pieces
 32403 | Orc:1    | Bought a scroll of revelation for 105 gold pieces
 32403 | Orc:1    | Bought a scroll of silence for 133 gold pieces
 32633 | Orc:2    | Entered Level 2 of the Orcish Mines
 32633 | Orc:2    | Found a staircase to the Elven Halls.
 32915 | Orc:2    | Found Jurozevi's Weapon Shop.
 32915 | Orc:2    | Found Taery's Assorted Antiques.
 32916 | Orc:2    | Found Sukk's Jewellery Shop.
 32916 | Orc:2    | Found Ewkimpok's Antique Weapon Emporium.
 32928 | Orc:2    | Bought a phial of floods for 840 gold pieces
 32928 | Orc:2    | Bought a scroll of enchant weapon for 157 gold pieces
 32928 | Orc:2    | Bought a scroll of revelation for 157 gold pieces
 32928 | Orc:2    | Bought a viscous white potion for 18 gold pieces
 32928 | Orc:2    | Bought a wand of light (6) for 529 gold pieces
 33025 | Orc:2    | Received a gift from Okawaru
 33374 | Orc:1    | Reached skill level 10 in Invocations
 33683 | Elf:1    | Entered Level 1 of the Elven Halls
 33709 | Elf:1    | Reached skill level 10 in Shields
 34390 | Elf:1    | Got the Incunable of Violence
 34821 | Elf:2    | Found a runed translucent gate.
 34821 | Elf:2    | Found a runed translucent gate.
 34822 | Elf:2    | Found a runed translucent gate.
 34931 | Elf:2    | Received a gift from Okawaru
 34967 | Elf:2    | Reached XP level 20. HP: 154/186 MP: 27/27
 35492 | Elf:2    | Received a gift from Okawaru
 35678 | Elf:2    | Found Ablilos's Weapon Boutique.
 36557 | Elf:3    | Entered Level 3 of the Elven Halls
 36610 | Elf:3    | Received a gift from Okawaru
 36624 | Elf:3    | Noticed Asterion
 36634 | Elf:3    | Killed Asterion
 36886 | Elf:3    | Found Emacrak's Antique Weapon Boutique.
 37356 | Elf:3    | Received a gift from Okawaru
 37574 | Elf:3    | Identified the +4 halberd "Somotife" {spect, Dex+5}
 37692 | Elf:3    | Received a gift from Okawaru
 37698 | Elf:3    | Identified the +4 quarterstaff of Starshine {venom, rN+
                  | Will+ Int+3}
 37849 | Elf:3    | Reached XP level 21. HP: 179/189 MP: 28/28
 37910 | Elf:3    | Got Podghon Etsos's Atlas of the Shrike
 37912 | Elf:3    | Identified the +8 chain mail "Pora Affa" {*Slow rC++ rN+++
                  | Str-3}
 38056 | Elf:3    | Got the Atlas of the Excursion and Trauma
 38064 | Elf:3    | Identified the +4 orcbow "Newtslayer" {freeze, rElec
                  | Will++}
 38068 | Elf:3    | Identified the staff of the Enchanting Gods {rElec rPois
                  | Int+2 Air}
 38722 | D:13     | Identified the blade talisman of Oble {Dex+6}
 38754 | D:13     | Found the +3 warlock's mirror {omnireflect}
 38793 | D:13     | Noticed Jorgrun
 38803 | D:13     | Killed Jorgrun
 39556 | D:14     | Identified the amulet "Nipum" {Acrobat rF+}
 39569 | D:14     | Found a gate to the Vaults.
 39675 | D:14     | Received a gift from Okawaru
 39928 | D:15     | Entered Level 15 of the Dungeon
 39995 | D:15     | Found a staircase to the Depths.
 40728 | Vaults:1 | Entered Level 1 of the Vaults
 40813 | Vaults:1 | Found Diusuh's Armour Emporium.
 41266 | Vaults:1 | Received a gift from Okawaru
 42019 | Vaults:1 | Identified the +10 flail of the Howling Wolf {venom, rC+++
                  | Will+++ Int-4 Stlth-}
 42095 | Vaults:2 | Received a gift from Okawaru
 42114 | Vaults:2 | Reached XP level 22. HP: 157/206 MP: 30/30
 42224 | Vaults:2 | Found a crumbling gateway.
 42261 | Desolati | Entered the Desolation of Salt
 42538 | Desolati | Identified the ring of Edghonov {rC+ Dex+4}
 42606 | Desolati | Got the Incunable of Bewitchment
 42614 | Desolati | Identified the +9 great sword of Sharkskin {flame, rPois
                  | rN+ rCorr}
 42618 | Desolati | Got Sif Muna's Anthology of the Tropical Discharge
 42654 | Desolati | Identified the ring "Adewiug" {rElec rPois rF- MP-9 AC+4}
 42669 | Desolati | Received a gift from Okawaru
 42879 | Desolati | Got the Parchment of Liminal Profane Mysteries
 42881 | Desolati | Got the Book of Lofty Glamour
 42896 | Desolati | Identified the +0 pair of boots of the Hammering Gods {Fly
                  | rN+ Int-2 Dex+7}
 42899 | Desolati | Identified the ring of Kutwesaqe {*Slow Fly Str+6 Dex+2}
 43114 | Desolati | Got the Encyclopedia of the Hidden Friars
 43119 | Desolati | Identified the amulet "Gefusk" {Faith rElec Dex+2}
 43121 | Desolati | Identified the +8 orcbow of the Forest {heavy, ^Drain rC+
                  | rN++ Dex+2}
 43610 | Vaults:2 | Received a gift from Okawaru
 44599 | Vaults:3 | Identified the ring "Totab" {rC+ rN+ Dex+7}
 44682 | Vaults:3 | Received a gift from Okawaru
 45039 | Vaults:3 | Reached XP level 23. HP: 190/215 MP: 26/32
 45253 | Vaults:3 | Found a portal to a secret trove of treasure.
 45510 | Vaults:3 | Received a gift from Okawaru
 45602 | Vaults:3 | Found Izias's Distillery.
 45608 | Vaults:3 | Bought a potion of mutation for 144 gold pieces
 45608 | Vaults:3 | Bought a potion of mutation for 144 gold pieces
 45833 | Vaults:3 | Found a staircase to the Crypt.
 46339 | Vaults:4 | Reached skill level 10 in Dodging
 46341 | Vaults:4 | Received a gift from Okawaru
 46471 | Vaults:4 | Found Vifonut's Antique Weapon Emporium.
 47210 | Vaults:4 | Received a gift from Okawaru
 47666 | Vaults:5 | Entered Level 5 of the Vaults
 47671 | Vaults:5 | Noticed a golden dragon
 47684 | Vaults:5 | Received a gift from Okawaru
 47685 | Vaults:5 | Reached skill level 27 in Fighting
 47687 | Vaults:5 | Killed a golden dragon
 47693 | Vaults:5 | Noticed a golden dragon
 47699 | Vaults:5 | Killed a golden dragon
 47701 | Vaults:5 | Reached XP level 24. HP: 164/227 MP: 29/32
 47706 | Vaults:5 | Reached skill level 1 in Shapeshifting
 47867 | Vaults:4 | Received a gift from Okawaru
 47931 | Vaults:5 | Noticed an ancient lich
 48331 | Vaults:5 | Received a gift from Okawaru
 48331 | Vaults:5 | Noticed a golden dragon
 48333 | Vaults:5 | Killed an ancient lich
 48789 | Vaults:5 | Killed a golden dragon
 48817 | Vaults:5 | Received a gift from Okawaru
 49181 | Vaults:5 | Identified the +10 scimitar of Xenuury {heavy, Int+5}
 49183 | Vaults:5 | Identified the +10 trident of the Two Names {protect,
                  | Int+3}
 49333 | Vaults:5 | Identified the +5 rapier of the Forsaken Mystics {protect,
                  | *Noise rPois rN+++ Str-3}
 49445 | Vaults:5 | Reached skill level 5 in Shapeshifting
 49824 | Vaults:5 | Identified the +7 scale mail "Gawonios" {rPois rF- Will++
                  | SInv}
 49940 | Vaults:5 | Got a silver rune of Zot
 50476 | D:11     | Killed SirLogeyBear's ghost
 50479 | D:11     | Identified the ring "Nuugran" {rF+ Str+3 Int+3 Dex+6}
 50588 | Lair:3   | Killed stipulation's ghost
 50594 | Lair:3   | Got the Spellbook of Spatial Open Graves
 50595 | Lair:3   | Identified the +8 short sword "Zaemoumi" {flame, rN+ Will+}
 50757 | Slime:1  | Entered Level 1 of the Pits of Slime
 50866 | Slime:1  | Reached XP level 25. HP: 229/234 MP: 32/32
 50933 | Slime:3  | Received a gift from Okawaru
 51326 | Slime:4  | Gained mutation: Armour fits poorly on your strangely
                  | shaped body. [a shining eye]
 51403 | Slime:5  | Entered Level 5 of the Pits of Slime
 51659 | Slime:5  | Noticed the Royal Jelly
 51670 | Slime:5  | Killed the Royal Jelly
 51705 | Slime:5  | Received a gift from Okawaru
 52108 | Slime:5  | Got the Atlas of a Billion Quests
 52138 | Slime:5  | Got a slimy rune of Zot
 52164 | Slime:5  | Identified the +1 ring mail of Shielding {rElec Str+4}
 52436 | Depths:1 | Entered Level 1 of the Depths
 52760 | Depths:1 | Noticed Norris
 52775 | Depths:1 | Killed Norris
 52775 | Depths:1 | Received a gift from Okawaru
 53383 | Depths:1 | Found a one-way gate to the infinite horrors of the Abyss.
 53549 | Depths:1 | Found a one-way gate leading to the halls of Pandemonium.
 53751 | Depths:1 | Found a gateway to Hell.
 53868 | Depths:2 | Noticed a caustic shrike
 53868 | Depths:2 | Noticed a caustic shrike
 53868 | Depths:2 | Found a hide-covered altar of Uskayaw.
 53876 | Depths:2 | Killed a caustic shrike
 53876 | Depths:2 | Received a gift from Okawaru
 53877 | Depths:2 | Reached XP level 26. HP: 242/242 MP: 27/32
 54090 | Depths:2 | Noticed Sojobo
 54119 | Depths:2 | Killed Sojobo
 54126 | Depths:2 | Found a magical portal.
 54140 | WizLab   | Entered Yara's Duelist Academy
 54729 | WizLab   | Noticed Xifer
 54742 | WizLab   | Killed Xifer the Head Instructor
 54797 | WizLab   | Got Yara's Volume of Misfortune
 54897 | Depths:2 | Received a gift from Okawaru
 55100 | Depths:2 | Reached skill level 15 in Shields
 55791 | Depths:3 | Received a gift from Okawaru
 55917 | Depths:3 | Reached skill level 10 in Shapeshifting
 55918 | Depths:3 | Reached XP level 27. HP: 235/249 MP: 32/32
 56803 | Depths:4 | Entered Level 4 of the Depths
 56806 | Depths:4 | Noticed a juggernaut
 56821 | Depths:4 | Killed a juggernaut
 56843 | Depths:4 | Received a gift from Okawaru
 56904 | Depths:4 | Found a corrupted altar of Lugonu.
 57408 | Depths:4 | Found a one-way gateway to a ziggurat.
 57613 | Depths:4 | Found an iron altar of Okawaru.
 57632 | Depths:4 | Reached skill level 15 in Armour
 57786 | Depths:4 | Got the Opusculum on Immolation
 58072 | Depths:4 | Received a gift from Okawaru
 58339 | Depths:4 | Found a gate to the Realm of Zot.
 58552 | Depths:4 | Voluntarily entered the Abyss.
 59267 | Depths:4 | Escaped the Abyss
 59456 | Depths:4 | Voluntarily entered the Abyss.
 59512 | Abyss:3  | Reached skill level 15 in Throwing
 59518 | Abyss:3  | Received a gift from Okawaru
 59719 | Depths:4 | Escaped the Abyss
 59981 | Depths:4 | Voluntarily entered the Abyss.
 59981 | Abyss:3  | Found a corrupted altar of Lugonu.
 60337 | Depths:4 | Escaped the Abyss
 60569 | Depths:4 | Voluntarily entered the Abyss.
 60594 | Abyss:4  | Noticed a dread lich
 60599 | Abyss:4  | Killed a dread lich
 60611 | Abyss:4  | Received a gift from Okawaru
 60633 | Abyss:4  | Reached skill level 15 in Dodging
 60756 | Abyss:4  | Got an abyssal rune of Zot
 60820 | Abyss:4  | Gained mutation: Potions are less effective at restoring
                  | your health. [a neqoxec]
 60836 | Depths:4 | Escaped the Abyss
 61059 | Hell     | Entered the Vestibule of Hell
 61059 | Hell     | Noticed Geryon
 61390 | Depths:4 | Received a gift from Okawaru
 62030 | Depths:1 | Reached skill level 15 in Shapeshifting
 62196 | Arena    | Entered the Arena
 62203 | Arena    | Killed Geryon
 62204 | Arena    | Lost mutation: Potions are less effective at restoring your
                  | health. [potion of mutation]
 62204 | Arena    | Lost mutation: Armour fits poorly on your strangely shaped
                  | body. [potion of mutation]
 62204 | Arena    | Gained mutation: You are agile. (Dex +4, Str/Int -1)
                  | [potion of mutation]
 62677 | Hell     | Received a gift from Okawaru
 62769 | Hell     | Found a gateway to the decaying netherworld of Tartarus.
 62818 | Hell     | Found a gateway to the ashen valley of Gehenna.
 62937 | Hell     | Found a gateway to the freezing wastes of Cocytus.
 63136 | Hell     | Found a gateway to the Iron City of Dis.
 63299 | Pan      | Entered Pandemonium
 63344 | Pan      | Noticed Qaczir the pandemonium lord
 63351 | Pan      | Killed Qaczir the pandemonium lord
 63377 | Pan      | Identified the +3 shortbow of Vodka {heavy, rC+ rN+ Str+3
                  | Dex+4}
 63474 | Pan      | Gained mutation: Armour fits poorly on your strangely
                  | shaped body. [a cacodemon]
 63632 | Pan      | Acquired a manual of Armour
 63787 | Pan      | Received a gift from Okawaru
 64855 | Pan      | Noticed Lofavuc the pandemonium lord
 64867 | Pan      | Killed Lofavuc the pandemonium lord
 65613 | Pan      | Reached skill level 15 in Invocations
 65791 | Pan      | Received a gift from Okawaru
 67468 | Pan      | Received a gift from Okawaru
 67488 | Pan      | Noticed Faciple the pandemonium lord
 67500 | Pan      | Killed Faciple the pandemonium lord
 67621 | Pan      | Found a runed translucent door.
 67664 | Pan      | Got a demonic rune of Zot
 68325 | Pan      | Noticed a seraph
 68333 | Pan      | Killed a seraph
 68349 | Pan      | Found a glowing golden altar of the Shining One.
 68359 | Pan      | Received a gift from Okawaru
 68378 | Pan      | Identified the amulet of Vanity {Reflect rC+ MP+9 Int-2
                  | Dex+7 SH+5}
 68386 | Pan      | Identified the +6 dagger of the Destroying Ass {freeze,
                  | +Blink}
 68772 | Depths:2 | Escaped Pandemonium
 68979 | Pan      | Entered the realm of Mnoleg.
 68979 | Pan      | Entered Pandemonium
 68993 | Pan      | Lost mutation: You are agile. (Dex +4, Str/Int -1) [potion
                  | of mutation]
 68993 | Pan      | Lost mutation: Armour fits poorly on your strangely shaped
                  | body. [potion of mutation]
 68993 | Pan      | Gained mutation: You have an increased reservoir of magic.
                  | (+10% MP) [potion of mutation]
 68993 | Pan      | Gained mutation: Your skin changes colour to match your
                  | surroundings (Stealth+). [potion of mutation]
 68993 | Pan      | Gained mutation: You occasionally shout uncontrollably at
                  | your foes. [potion of mutation]
 68994 | Pan      | Lost mutation: You have an increased reservoir of magic.
                  | (+10% MP) [potion of mutation]
 68994 | Pan      | Lost mutation: You occasionally shout uncontrollably at
                  | your foes. [potion of mutation]
 68994 | Pan      | Lost mutation: Your skin changes colour to match your
                  | surroundings (Stealth+). [potion of mutation]
 68994 | Pan      | Gained mutation: You occasionally lose the ability to drink
                  | potions when taking damage. [potion of mutation]
 68994 | Pan      | Gained mutation: Your flesh is heat resistant. (rF+)
                  | [potion of mutation]
 68994 | Pan      | Gained mutation: You are agile. (Dex +4, Str/Int -1)
                  | [potion of mutation]
 68994 | Pan      | Gained mutation: Your flesh is cold resistant. (rC+)
                  | [potion of mutation]
 69267 | Pan      | Received a gift from Okawaru
 69762 | Pan      | Noticed Mnoleg
 69778 | Pan      | Killed Mnoleg
 69894 | Pan      | Identified the ring "Gugubb" {rElec rPois Int+6}
 69948 | Pan      | Got a glowing rune of Zot
 70098 | Pan      | Received a gift from Okawaru
 70253 | Pan      | Noticed Fomegilu the pandemonium lord
 70277 | Pan      | Killed Fomegilu the pandemonium lord
 70942 | Pan      | Received a gift from Okawaru
 71330 | Pan      | Noticed Arearpha the pandemonium lord
 71394 | Pan      | Killed Arearpha the pandemonium lord
 71400 | Pan      | Received a gift from Okawaru
 71985 | Pan      | Identified the ring "Ymeor" {*Corrode rPois Int+6 Stlth+}
 71996 | Pan      | Got the Grimoire of the Salvo
 72526 | Pan      | Noticed Roiteg the pandemonium lord
 72532 | Pan      | Received a gift from Okawaru
 72537 | Pan      | Killed Roiteg the pandemonium lord
 73834 | Pan      | Noticed Egacs the pandemonium lord
 73848 | Pan      | Killed Egacs the pandemonium lord
 73848 | Pan      | Received a gift from Okawaru
 74432 | Depths:1 | Escaped Pandemonium
 74656 | Pan      | Entered the realm of Gloorx Vloq.
 74656 | Pan      | Entered Pandemonium
 74921 | Pan      | Identified the +1 pair of gloves of a sewer {rPois rF+
                  | Int-5}
 75313 | Pan      | Received a gift from Okawaru
 75604 | Pan      | Noticed Gloorx Vloq
 75616 | Pan      | Killed Gloorx Vloq
 75616 | Pan      | Received a gift from Okawaru
 75662 | Pan      | Got a dark rune of Zot
 76334 | Pan      | Noticed Teosecza the pandemonium lord
 76342 | Pan      | Killed Teosecza the pandemonium lord
 76351 | Pan      | Received a gift from Okawaru
 76811 | Pan      | Found an exit through the horrors of the Abyss.
 77203 | Pan      | Noticed Medet the pandemonium lord
 77210 | Pan      | Killed Medet the pandemonium lord
 77441 | Pan      | Received a gift from Okawaru
 77454 | Pan      | Found Uveull's Jewellery Emporium.
 77469 | Pan      | Found an opulent altar of Gozag.
 77492 | Pan      | Noticed Uveull the pandemonium lord
 77510 | Pan      | Killed Uveull the pandemonium lord
 77642 | Pan      | Found an opulent altar of Gozag.
 77693 | Pan      | Found Uveull's Infernal Boutique.
 77708 | Pan      | Received a gift from Okawaru
 77710 | Pan      | Found Uveull's Rarities Depository.
 77733 | Pan      | Found an opulent altar of Gozag.
 77736 | Pan      | Bought 3 scrolls of torment for 427 gold pieces
 77736 | Pan      | Bought 2 scrolls of torment for 285 gold pieces
 77844 | Pan      | Identified the +9 glaive "Naopn" {vamp, rElec rPois rC+}
 77899 | Pan      | Found an exit through the horrors of the Abyss.
 78159 | Pan      | Found Uveull's Quality Elixirs.
 78167 | Pan      | Bought a potion of heal wounds for 110 gold pieces
 78167 | Pan      | Bought a potion of resistance for 220 gold pieces
 78167 | Pan      | Bought a potion of heal wounds for 110 gold pieces
 78167 | Pan      | Bought a potion of might for 88 gold pieces
 78167 | Pan      | Bought a potion of cancellation for 176 gold pieces
 78444 | Pan      | Entered the realm of Lom Lobon.
 78794 | Pan      | Received a gift from Okawaru
 78932 | Pan      | Acquired a manual of Dodging
 79481 | Pan      | Noticed Lom Lobon
 79483 | Arena    | Entered the Arena
 79503 | Arena    | Killed Lom Lobon
 79537 | Pan      | Received a gift from Okawaru
 79666 | Pan      | Got a magical rune of Zot
 79959 | Pan      | Found a transporter.
 80162 | Pan      | Noticed Uho Boar the pandemonium lord
 80172 | Pan      | Killed Uho Boar the pandemonium lord
 80256 | Pan      | Identified the amulet "Suot" {Faith rElec rC++ Dex+3}
 80438 | Pan      | Noticed Anerorhe the pandemonium lord
 80458 | Pan      | Killed Anerorhe the pandemonium lord
 80502 | Pan      | Entered the realm of Cerebov.
 80558 | Pan      | Received a gift from Okawaru
 80641 | Pan      | Identified the ring "Retiffuq" {rF+ Will++ MP+9 Str-2 SInv}
 81084 | Pan      | Found an exit through the horrors of the Abyss.
 81223 | Pan      | Identified the +9 quarterstaff "Fesentil" {protect, rPois
                  | rN+ Str+3 Int+3}
 81232 | Pan      | Received a gift from Okawaru
 81299 | Pan      | Identified the ring of Xom's Wantonness {rC+ rN+ Will+
                  | Int+2 SInv}
 81324 | Pan      | Found the +6 sword of Cerebov {flame}
 81324 | Pan      | Noticed Cerebov
 81328 | Arena    | Entered the Arena
 81350 | Arena    | Killed Cerebov
 81415 | Pan      | Identified the staff "Leggocli" {rElec rCorr MP+9 Conj}
 81421 | Pan      | Identified the +2 ring mail "Weadaash" {rN+ Int-2 Dex+3}
 81689 | Pan      | Identified the +7 orcbow of Light {heavy, Str+2 Stlth+}
 81707 | Pan      | Got a fiery rune of Zot
 82004 | Pan      | Noticed Yczimib the pandemonium lord
 82017 | Pan      | Killed Yczimib the pandemonium lord
 82040 | Depths:1 | Escaped Pandemonium
 82166 | Coc:1    | Entered Level 1 of Cocytus
 82191 | Coc:1    | Noticed an ancient lich
 82202 | Coc:1    | Killed an ancient lich
 82421 | Coc:3    | Noticed a shard shrike
 82424 | Coc:3    | Noticed a shard shrike
 82426 | Coc:3    | Killed a shard shrike
 82426 | Coc:3    | Received a gift from Okawaru
 82431 | Coc:3    | Killed a shard shrike
 82435 | Coc:3    | Noticed a shard shrike
 82440 | Coc:3    | Killed a shard shrike
 82636 | Coc:5    | Received a gift from Okawaru
 82692 | Coc:5    | Noticed a shard shrike
 82724 | Coc:5    | Noticed a shard shrike
 82726 | Coc:5    | Noticed a shard shrike
 82729 | Coc:5    | Killed a shard shrike
 82738 | Coc:5    | Killed a shard shrike
 82744 | Coc:5    | Killed a shard shrike
 83276 | Coc:7    | Entered Level 7 of Cocytus
 83299 | Coc:7    | Received a gift from Okawaru
 83667 | Coc:7    | Noticed a shard shrike
 83675 | Coc:7    | Killed a shard shrike
 83783 | Coc:7    | Noticed a shard shrike
 83791 | Coc:7    | Killed a shard shrike
 83885 | Coc:7    | Noticed a shard shrike
 83890 | Coc:7    | Noticed a shard shrike
 83891 | Coc:7    | Noticed a shard shrike
 83896 | Coc:7    | Killed a shard shrike
 83902 | Coc:7    | Killed a shard shrike
 83903 | Coc:7    | Killed a shard shrike
 83908 | Coc:7    | Noticed a shard shrike
 83908 | Coc:7    | Received a gift from Okawaru
 83913 | Coc:7    | Killed a shard shrike
 83931 | Coc:7    | Noticed a shard shrike
 83936 | Coc:7    | Killed a shard shrike
 84111 | Coc:7    | Noticed a shard shrike
 84116 | Coc:7    | Killed a shard shrike
 84173 | Coc:7    | Noticed a shard shrike
 84174 | Coc:7    | Noticed a shard shrike
 84177 | Coc:7    | Killed a shard shrike
 84182 | Coc:7    | Killed a shard shrike
 84365 | Coc:7    | Noticed Antaeus
 84392 | Coc:7    | Killed Antaeus
 84392 | Coc:7    | Received a gift from Okawaru
 84465 | Coc:7    | Got an icy rune of Zot
 84497 | Coc:7    | Identified the +1 crystal plate armour of the Original Sin
                  | {Int+3}
 84499 | Coc:7    | Identified the +0 scale mail of Qeng {Dex+2}
 84857 | Geh:1    | Entered Level 1 of Gehenna
 85196 | Geh:3    | Received a gift from Okawaru
 85678 | Geh:5    | Received a gift from Okawaru
 85983 | Geh:7    | Entered Level 7 of Gehenna
 86362 | Pan      | Entered Pandemonium
 86383 | Pan      | Noticed Okkanod the pandemonium lord
 86395 | Pan      | Killed Okkanod the pandemonium lord
 86395 | Pan      | Received a gift from Okawaru
 86582 | Pan      | Reached skill level 27 in Shields
 86778 | Pan      | Found an exit through the horrors of the Abyss.
 87599 | Pan      | Noticed Coymocsipp the pandemonium lord
 87603 | Pan      | Killed Coymocsipp the pandemonium lord
 87875 | Pan      | Received a gift from Okawaru
 88654 | Pan      | Found an exit through the horrors of the Abyss.
 88984 | Pan      | Received a gift from Okawaru
 89023 | Pan      | Noticed Xest the pandemonium lord
 89031 | Pan      | Killed Xest the pandemonium lord
 89074 | Pan      | Identified the amulet of Kubb {Acrobat rElec rF+}
 89085 | Pan      | Identified the +2 sling of Terrible Defiance {heavy, Will+}
 89511 | Depths:1 | Escaped Pandemonium
 89987 | Geh:7    | Received a gift from Okawaru
 90741 | Geh:7    | Found the +3 greatsling "Punk" {acid, rCorr}
 90748 | Geh:7    | Identified the +2 sling of the Modern Youths {flame, rF+
                  | rC+}
 91156 | Geh:7    | Found the +13 sceptre of Asmodeus
 91156 | Geh:7    | Noticed Asmodeus
 91194 | Geh:7    | Killed Asmodeus
 91212 | Geh:7    | Found the +8 mithril axe "Arga" {speed, Will+}
 91224 | Geh:7    | Identified the +3 morningstar of Ru's Reproof {drain, *Rage
                  | rPois rC++}
 91227 | Geh:7    | Got an obsidian rune of Zot
 91236 | Geh:7    | Identified the +6 rapier of Arbitration {antimagic, +Blink}
 91404 | Tar:1    | Entered Level 1 of Tartarus
 91443 | Tar:1    | Received a gift from Okawaru
 92223 | Tar:4    | Received a gift from Okawaru
 92611 | Tar:5    | Received a gift from Okawaru
 92723 | Tar:6    | Noticed an ancient lich
 92727 | Tar:6    | Killed an ancient lich
 92833 | Tar:7    | Entered Level 7 of Tartarus
 92935 | Tar:7    | Received a gift from Okawaru
 93032 | Tar:7    | Reached skill level 27 in Throwing
 93515 | Tar:7    | Received a gift from Okawaru
 94088 | Tar:7    | Found the +16 obsidian axe {drain, demonic, Mesm ^Drain Fly
                  | SInv}
 94306 | Tar:7    | Received a gift from Okawaru
 94586 | Tar:7    | Noticed Ereshkigal
 94589 | Arena    | Entered the Arena
 94625 | Arena    | Killed Ereshkigal
 94805 | Tar:7    | Identified the ring of the Usurping Genius {^Drain rElec
                  | rF+ rCorr MP+9}
 94814 | Tar:7    | Got a bone rune of Zot
 94820 | Tar:7    | Identified the +6 short sword "Yziomp" {drain, ^Drain
                  | +Blink Fly rN+}
 95503 | Pan      | Entered Pandemonium
 95741 | Pan      | Found an exit through the horrors of the Abyss.
 95813 | Pan      | Received a gift from Okawaru
 95997 | Pan      | Noticed Gelaxes the pandemonium lord
 96013 | Pan      | Killed Gelaxes the pandemonium lord
 96783 | Pan      | Noticed Daosch the pandemonium lord
 96798 | Pan      | Killed Daosch the pandemonium lord
 96909 | Pan      | Received a gift from Okawaru
 97051 | Pan      | Identified the +7 spear of Esidghuuw {holy, rElec rPois
                  | Dex-5}
 97534 | Depths:1 | Escaped Pandemonium
 97639 | Dis:1    | Entered Level 1 of the Iron City of Dis
 98017 | Dis:2    | Noticed a dread lich
 98020 | Dis:2    | Killed a dread lich
 98020 | Dis:2    | Received a gift from Okawaru
 98173 | Dis:3    | Reached skill level 27 in Dodging
 98526 | Dis:5    | Received a gift from Okawaru
 98883 | Dis:7    | Entered Level 7 of the Iron City of Dis
 98922 | Dis:7    | Received a gift from Okawaru
 99365 | Dis:7    | Noticed the Serpent of Hell
 99380 | Dis:7    | Received a gift from Okawaru
 99393 | Dis:7    | Killed the Serpent of Hell
 99544 | Dis:7    | Received a gift from Okawaru
 99659 | Dis:7    | Found the +4 consecrated labrys {holy, Valiant ^Fragile Fly
                  | SInv}
 99672 | Dis:7    | Noticed a juggernaut
 99679 | Dis:7    | Killed a juggernaut
 99712 | Dis:7    | Identified the +1 robe of Truth {Rampage Fly Archmagi}
 99882 | Dis:7    | Noticed a juggernaut
 99890 | Dis:7    | Killed a juggernaut
100307 | Dis:7    | Received a gift from Okawaru
100430 | Dis:7    | Noticed a juggernaut
100438 | Dis:7    | Noticed Dispater
100442 | Dis:7    | Killed a juggernaut
100462 | Dis:7    | Killed Dispater
100558 | Dis:7    | Got an iron rune of Zot
100566 | Dis:7    | Identified the +1 scale mail of Least Resistance {rElec
                  | rN+++ Int-5 Dex-2}
100931 | Depths:1 | Acquired 515 gold pieces
100937 | Pan      | Entered Pandemonium
100963 | Pan      | Noticed Kitzacih the pandemonium lord
100977 | Pan      | Killed Kitzacih the pandemonium lord
101230 | Pan      | Found an exit through the horrors of the Abyss.
101539 | Pan      | Found an exit through the horrors of the Abyss.
101598 | Pan      | Found a transporter.
101655 | Pan      | Received a gift from Okawaru
101772 | Pan      | Found a transporter.
102070 | Pan      | Noticed Idippicka the pandemonium lord
102080 | Pan      | Killed Idippicka the pandemonium lord
102106 | Pan      | Identified the blade talisman "Pann" {rElec rC- rN+ Int+5}
102135 | Pan      | Found an exit through the horrors of the Abyss.
102263 | Pan      | Identified the +0 ring mail of the Wild Haggis {Str+2}
102565 | Pan      | Reached skill level 27 in Axes
102662 | Pan      | Identified the +12 lajatang of the Winnowing Goat {flame,
                  | rC+ Stlth+}
102853 | Pan      | Received a gift from Okawaru
102858 | Pan      | Noticed Boofobb the pandemonium lord
102864 | Pan      | Killed Boofobb the pandemonium lord
102931 | Depths:1 | Escaped Pandemonium
103045 | Zot:1    | Entered Level 1 of the Realm of Zot
103260 | Zot:3    | Noticed an orb of fire
103268 | Zot:3    | Killed an orb of fire
103275 | Zot:3    | Noticed an orb of fire
103279 | Zot:3    | Received a gift from Okawaru
103279 | Zot:3    | Killed an orb of fire
103280 | Zot:3    | Reached skill level 27 in Armour
103281 | Zot:3    | Reached skill level 1 in Spellcasting
103281 | Zot:3    | Reached skill level 1 in Fire Magic
103367 | Zot:3    | Identified the +2 robe of the Land of Plenty {Fly Dex+6
                  | Stlth-}
103405 | Zot:4    | Received a gift from Okawaru
103516 | Zot:5    | Entered Level 5 of the Realm of Zot
103571 | Zot:5    | Reached skill level 5 in Spellcasting
103597 | Zot:5    | Reached skill level 5 in Fire Magic
103815 | Zot:5    | Got a prismatic gem with 225 turns to spare
103838 | Zot:5    | Received a gift from Okawaru
103839 | Zot:5    | Noticed a dread lich
103843 | Zot:5    | Killed a dread lich
103848 | Zot:5    | Noticed an orb of fire
103851 | Zot:5    | Killed an orb of fire
103862 | Zot:5    | Noticed a Killer Klown
103866 | Zot:5    | Noticed a Killer Klown
103881 | Zot:5    | Noticed a Killer Klown
103884 | Zot:5    | Killed a Killer Klown
103887 | Zot:5    | Killed a Killer Klown
103891 | Zot:5    | Killed a Killer Klown
103917 | Zot:5    | Received a gift from Okawaru
103932 | Zot:5    | Got the Orb of Zot
104469 | Vaults:3 | Acquired a manual of Summonings
104473 | Vaults:3 | You paid a toll of 7 scrolls of fear to enter a treasure
                  | trove
104474 | Trove    | Entered a treasure trove
104479 | Trove    | Identified the ring of the Shouting Seer {rC+ Will+ SInv}
104481 | Trove    | Identified the ring "Jit Sie" {rC+ rN++ Will+ Str-4}
104483 | Trove    | Identified the ring "Wumav" {rElec rF+ EV+5 Str+2}
104485 | Trove    | Identified the ring of Piwn {rN+ Slay+4}
104489 | Trove    | Identified the amulet of Piqegic {Faith ^Drain rElec Str+6
                  | Slay+5}
104491 | Trove    | Identified the ring "Ybbum" {Fire +Blink Str+3}
104492 | Trove    | Identified the ring "Iriajua" {rPois Will+ Stlth+}
104494 | Trove    | Identified the amulet of Jepagyamp {Reflect *Corrode rPois
                  | rN+ Dex+2 SH+5}
104582 | Crypt:1  | Entered Level 1 of the Crypt
104589 | Crypt:1  | Received a gift from Okawaru
104596 | Crypt:1  | Noticed Zenata
104612 | Crypt:1  | Killed Zenata
104638 | Crypt:1  | Noticed Voorit the pandemonium lord
104642 | Crypt:1  | Killed Voorit the pandemonium lord
104939 | Crypt:2  | Noticed Jadghit the pandemonium lord
104949 | Crypt:2  | Killed Jadghit the pandemonium lord
104949 | Crypt:2  | Received a gift from Okawaru
104986 | Crypt:3  | Entered Level 3 of the Crypt
105092 | Crypt:3  | Reached skill level 10 in Spellcasting
105217 | Crypt:3  | Reached skill level 10 in Fire Magic
105375 | Crypt:3  | Noticed an ancient lich
105381 | Crypt:3  | Killed an ancient lich
105381 | Crypt:3  | Received a gift from Okawaru
105558 | Crypt:3  | Found a staircase to the Tomb.
105607 | Crypt:3  | Noticed Foiwihyi the pandemonium lord
105617 | Crypt:3  | Killed Foiwihyi the pandemonium lord
105757 | Crypt:3  | Received a gift from Okawaru
105799 | Crypt:3  | Found an ancient bone altar of Kikubaaqudgha.
105854 | Crypt:3  | Got an ivory gem with 1800 turns to spare
105856 | Crypt:3  | Identified the +4 battleaxe "Bih Mur" {flame, rElec}
105904 | Crypt:3  | Noticed Kiuth the pandemonium lord
105904 | Crypt:3  | Noticed an ancient lich
105906 | Crypt:3  | Killed an ancient lich
105911 | Crypt:3  | Killed Kiuth the pandemonium lord
105993 | Tomb:1   | Entered Level 1 of the Tomb of the Ancients
106034 | Tomb:1   | Received a gift from Okawaru
106255 | Tomb:1   | Noticed Peoloi the pandemonium lord
106260 | Tomb:1   | Killed Peoloi the pandemonium lord
106260 | Tomb:1   | Received a gift from Okawaru
106456 | Tomb:1   | Noticed Fiweurrab the pandemonium lord
106467 | Tomb:1   | Killed Fiweurrab the pandemonium lord
106523 | Tomb:1   | Noticed Jioxkasch the pandemonium lord
106532 | Tomb:1   | Killed Jioxkasch the pandemonium lord
106700 | Tomb:1   | Received a gift from Okawaru
106737 | Tomb:1   | Noticed Aqes the pandemonium lord
106750 | Tomb:1   | Killed Aqes the pandemonium lord
106859 | Tomb:1   | Noticed Jemug the pandemonium lord
106868 | Tomb:1   | Killed Jemug the pandemonium lord
106975 | Tomb:2   | Noticed a royal mummy
106975 | Tomb:2   | Noticed a royal mummy
106975 | Tomb:2   | Noticed a royal mummy
106975 | Tomb:2   | Noticed a royal mummy
106993 | Tomb:2   | Killed a royal mummy
106993 | Tomb:2   | Killed a royal mummy
106995 | Tomb:2   | Killed a royal mummy
107003 | Tomb:2   | Killed a royal mummy
107138 | Tomb:2   | Received a gift from Okawaru
107466 | Tomb:2   | Noticed Leaxoib the pandemonium lord
107472 | Tomb:2   | Killed Leaxoib the pandemonium lord
107513 | Tomb:2   | Noticed Dacoib the pandemonium lord
107514 | Tomb:2   | Noticed a seraph
107518 | Tomb:2   | Killed a seraph
107521 | Tomb:2   | Killed Dacoib the pandemonium lord
107578 | Tomb:1   | Noticed a royal mummy
107581 | Tomb:1   | Noticed a royal mummy
107581 | Tomb:1   | Noticed a royal mummy
107581 | Tomb:1   | Noticed a royal mummy
107584 | Tomb:1   | Noticed a royal mummy
107587 | Tomb:1   | Killed a royal mummy
107592 | Tomb:1   | Noticed a royal mummy
107594 | Tomb:1   | Killed a royal mummy
107594 | Tomb:1   | Received a gift from Okawaru
107595 | Tomb:1   | Killed a royal mummy
107595 | Tomb:1   | Noticed a royal mummy
107596 | Tomb:1   | Killed a royal mummy
107602 | Tomb:1   | Killed a royal mummy
107603 | Tomb:1   | Killed a royal mummy
107606 | Tomb:1   | Killed a royal mummy
107608 | Tomb:1   | Noticed a royal mummy
107615 | Tomb:1   | Killed a royal mummy
107713 | Tomb:1   | Reached skill level 15 in Spellcasting
107741 | Tomb:1   | Noticed a royal mummy
107749 | Tomb:1   | Killed a royal mummy
107760 | Tomb:1   | Noticed a royal mummy
107764 | Tomb:1   | Killed a royal mummy
107766 | Tomb:1   | Noticed a royal mummy
107772 | Tomb:1   | Killed a royal mummy
107772 | Tomb:1   | Received a gift from Okawaru
107796 | Tomb:1   | Noticed a royal mummy
107799 | Tomb:1   | Noticed a royal mummy
107802 | Tomb:1   | Noticed a royal mummy
107803 | Tomb:1   | Noticed a royal mummy
107804 | Tomb:1   | Killed a royal mummy
107805 | Tomb:1   | Reached skill level 15 in Fire Magic
107808 | Tomb:1   | Noticed a royal mummy
107808 | Tomb:1   | Noticed a royal mummy
107810 | Tomb:1   | Killed a royal mummy
107811 | Tomb:1   | Killed a royal mummy
107816 | Tomb:1   | Killed a royal mummy
107826 | Tomb:1   | Noticed a royal mummy
107827 | Tomb:1   | Killed a royal mummy
107831 | Tomb:1   | Killed a royal mummy
107838 | Tomb:1   | Killed a royal mummy
107860 | Tomb:1   | Noticed a royal mummy
107870 | Tomb:1   | Killed a royal mummy
108036 | Tomb:2   | Received a gift from Okawaru
108208 | Tomb:2   | Lost mutation: Your flesh is cold resistant. (rC+) [potion
                  | of mutation]
108208 | Tomb:2   | Lost mutation: You are agile. (Dex +4, Str/Int -1) [potion
                  | of mutation]
108208 | Tomb:2   | Lost mutation: Your flesh is heat resistant. (rF+) [potion
                  | of mutation]
108208 | Tomb:2   | Gained mutation: You are agile. (Dex +4, Str/Int -1)
                  | [potion of mutation]
108208 | Tomb:2   | Gained mutation: You possess an exceptional clarity of
                  | mind. [potion of mutation]
108208 | Tomb:2   | Gained mutation: You are strong-willed. (Will+) [potion of
                  | mutation]
108208 | Tomb:2   | Gained mutation: Your mind is acute. (Int +4, Str/Dex -1)
                  | [potion of mutation]
108209 | Tomb:2   | Lost mutation: Your mind is acute. (Int +4, Str/Dex -1)
                  | [potion of mutation]
108209 | Tomb:2   | Lost mutation: You possess an exceptional clarity of mind.
                  | [potion of mutation]
108209 | Tomb:2   | Gained mutation: Your muscles are strong. (Str +4, Int/Dex
                  | -1) [potion of mutation]
108209 | Tomb:2   | Gained mutation: You passively map a small area around you.
                  | [potion of mutation]
108210 | Tomb:2   | Lost mutation: You are strong-willed. (Will+) [potion of
                  | mutation]
108210 | Tomb:2   | Lost mutation: You passively map a small area around you.
                  | [potion of mutation]
108210 | Tomb:2   | Lost mutation: Your muscles are strong. (Str +4, Int/Dex
                  | -1) [potion of mutation]
108210 | Tomb:2   | Lost mutation: You are agile. (Dex +4, Str/Int -1) [potion
                  | of mutation]
108210 | Tomb:2   | Gained mutation: You are frail. (-10% HP) [potion of
                  | mutation]
108210 | Tomb:2   | Gained mutation: You are somewhat resistant to further
                  | mutation. [potion of mutation]
108211 | Tomb:2   | Lost mutation: You are somewhat resistant to further
                  | mutation. [potion of mutation]
108211 | Tomb:2   | Lost mutation: You are frail. (-10% HP) [potion of
                  | mutation]
108211 | Tomb:2   | Lost mutation: You occasionally lose the ability to drink
                  | potions when taking damage. [potion of mutation]
108211 | Tomb:2   | Gained mutation: Your spells are a little easier to cast,
                  | but a little less powerful. [potion of mutation]
108211 | Tomb:2   | Lost mutation: Your spells are a little easier to cast, but
                  | a little less powerful. [potion of mutation]
108211 | Tomb:2   | Gained mutation: You possess an exceptional clarity of
                  | mind. [potion of mutation]
108211 | Tomb:2   | Gained mutation: You passively dampen the noise of your
                  | surroundings. [potion of mutation]
108212 | Tomb:2   | Lost mutation: You possess an exceptional clarity of mind.
                  | [potion of mutation]
108212 | Tomb:2   | Lost mutation: You passively dampen the noise of your
                  | surroundings. [potion of mutation]
108212 | Tomb:2   | Gained mutation: You occasionally lose the ability to drink
                  | potions when taking damage. [potion of mutation]
108212 | Tomb:2   | Gained mutation: Your spells are a little harder to cast,
                  | but a little more powerful. [potion of mutation]
108212 | Tomb:2   | Gained mutation: Your spells are harder to cast, but more
                  | powerful. [potion of mutation]
108212 | Tomb:2   | Gained mutation: You are strong-willed. (Will+) [potion of
                  | mutation]
108213 | Tomb:2   | Lost mutation: Your spells are harder to cast, but more
                  | powerful. [potion of mutation]
108213 | Tomb:2   | Lost mutation: Your spells are a little harder to cast, but
                  | a little more powerful. [potion of mutation]
108213 | Tomb:2   | Gained mutation: You have sharp toenails. [potion of
                  | mutation]
108213 | Tomb:2   | Gained mutation: You have razor-sharp toenails. [potion of
                  | mutation]
108265 | Tomb:3   | Entered Level 3 of the Tomb of the Ancients
108288 | Tomb:3   | Noticed a royal mummy
108305 | Tomb:3   | Killed a royal mummy
108320 | Tomb:3   | Noticed a royal mummy
108323 | Tomb:3   | Killed a royal mummy
108325 | Tomb:3   | Noticed a royal mummy
108331 | Tomb:3   | Killed a royal mummy
108351 | Tomb:3   | Reached skill level 27 in Shapeshifting
108370 | Tomb:3   | Noticed a royal mummy
108371 | Tomb:3   | Noticed a royal mummy
108386 | Tomb:3   | Killed a royal mummy
108387 | Tomb:3   | Killed a royal mummy
108387 | Tomb:3   | Received a gift from Okawaru
108399 | Tomb:3   | Noticed a royal mummy
108418 | Tomb:3   | Killed a royal mummy
108427 | Tomb:3   | Noticed Khufu
108437 | Tomb:3   | Killed Khufu
108567 | Tomb:3   | Noticed Mennas
108584 | Tomb:3   | Killed Mennas
108684 | Tomb:3   | Noticed a royal mummy
108694 | Tomb:3   | Killed a royal mummy
108720 | Tomb:3   | Received a gift from Okawaru
108750 | Tomb:3   | Found the +27 heavy crossbow "Sniper" {heavy, Acc+∞ SInv}
108753 | Tomb:3   | Identified the +1 pair of boots of the Ward {*Corrode rElec
                  | rN++ Dex+3}
108766 | Tomb:3   | Identified the ring of Xekh {rC- rCorr Int+3 Dex+4}
108788 | Tomb:3   | Identified the +8 morningstar of the Philosopher {freeze,
                  | Fly rElec Str+6 Stlth-}
108790 | Tomb:3   | Identified the amulet "Forget-Me-Not" {Faith Rampage +Inv
                  | Int+2}
108808 | Tomb:3   | Identified the +8 battleaxe "Etuonke" {venom, rC- Str+3
                  | Dex+6}
108810 | Tomb:3   | Identified the amulet "Moypt" {Faith rN+}
108875 | Tomb:3   | Noticed a royal mummy
108881 | Tomb:3   | Killed a royal mummy
108952 | Tomb:3   | Noticed Lyre the pandemonium lord
108959 | Tomb:3   | Killed Lyre the pandemonium lord
108964 | Tomb:3   | Noticed a seraph
108969 | Tomb:3   | Killed a seraph
108999 | Tomb:3   | Noticed Suvug the pandemonium lord
109015 | Tomb:3   | Killed Suvug the pandemonium lord
109015 | Tomb:3   | Received a gift from Okawaru
109057 | Tomb:3   | Noticed Fagus the pandemonium lord
109073 | Tomb:3   | Killed Fagus the pandemonium lord
109352 | Tomb:3   | Got a sanguine gem with 1800 turns to spare
109355 | Tomb:3   | Got a golden rune of Zot
109460 | Tomb:1   | Received a gift from Okawaru
109466 | Tomb:1   | Reached skill level 1 in Ranged Weapons
109481 | Tomb:1   | Noticed Mulaf the pandemonium lord
109488 | Tomb:1   | Killed Mulaf the pandemonium lord
109489 | Tomb:1   | Noticed Ajakhoepn the pandemonium lord
109491 | Tomb:1   | Killed Ajakhoepn the pandemonium lord
109568 | Tomb:1   | Received a gift from Okawaru
109997 | D:15     | Noticed Dawamyda the pandemonium lord
110007 | D:15     | Killed Dawamyda the pandemonium lord
110096 | Depths:2 | Reached skill level 5 in Ranged Weapons
110254 | Zig:1    | Entered Level 1 of a ziggurat
110281 | Zig:2    | Entered Level 2 of a ziggurat
110299 | Zig:3    | Entered Level 3 of a ziggurat
110320 | Zig:4    | Entered Level 4 of a ziggurat
110334 | Zig:4    | Noticed Xatosu Tann the pandemonium lord
110336 | Zig:4    | Killed Xatosu Tann the pandemonium lord
110343 | Zig:4    | Identified the +2 leather armour of the Pit {rCorr}
110345 | Zig:4    | Identified the ring of the Madman {rCorr Str+3 Slay+4}
110354 | Zig:5    | Entered Level 5 of a ziggurat
110384 | Zig:6    | Entered Level 6 of a ziggurat
110388 | Zig:6    | Noticed a royal mummy
110395 | Zig:6    | Killed a royal mummy
110395 | Zig:6    | Received a gift from Okawaru
110414 | Zig:6    | Identified the ring "Vorul" {rC- AC+4 SInv Stlth+}
110425 | Zig:7    | Entered Level 7 of a ziggurat
110429 | Zig:7    | Noticed an ancient lich
110441 | Zig:7    | Killed an ancient lich
110480 | Zig:8    | Entered Level 8 of a ziggurat
110530 | Zig:8    | Identified the +5 ring mail "Foxuluru" {Harm rC- Regen+
                  | Stlth+}
110553 | Zig:9    | Entered Level 9 of a ziggurat
110737 | Zig:10   | Entered Level 10 of a ziggurat
110748 | Zig:10   | Noticed a Killer Klown
110749 | Zig:10   | Noticed Zerim the pandemonium lord
110750 | Zig:10   | Noticed Ofinipti the pandemonium lord
110753 | Zig:10   | Noticed a Killer Klown
110757 | Zig:10   | Killed Zerim the pandemonium lord
110757 | Zig:10   | Received a gift from Okawaru
110758 | Zig:10   | Killed a Killer Klown
110760 | Zig:10   | Killed a Killer Klown
110763 | Zig:10   | Killed Ofinipti the pandemonium lord
110787 | Zig:10   | Identified the amulet "Neqar" {Acrobat Harm rElec Int+3}
110817 | Zig:10   | Identified the +1 orcbow of Courage {antimagic, Str-4 Int+5
                  | Dex+2}
110842 | Zig:10   | Noticed Metsu the pandemonium lord
110847 | Zig:11   | Entered Level 11 of a ziggurat
110965 | Zig:11   | Noticed a dread lich
110976 | Zig:11   | Killed a dread lich
110976 | Zig:11   | Received a gift from Okawaru
111093 | Zig:11   | Found the +3 giant club "Skullcrusher" {speed, Str+7}
111120 | Zig:11   | Identified the ring "Jickomer" {rC+ Will++}
111128 | Zig:12   | Entered Level 12 of a ziggurat
111147 | Zig:12   | Noticed Ypumumn the pandemonium lord
111154 | Zig:12   | Noticed an ancient lich
111158 | Zig:12   | Reached skill level 10 in Ranged Weapons
111165 | Zig:12   | Killed Ypumumn the pandemonium lord
111165 | Zig:12   | Received a gift from Okawaru
111169 | Zig:12   | Killed an ancient lich
111209 | Zig:12   | Found the +6 arbalest "Damnation" {damnation}
111213 | Zig:12   | Noticed Siomuada the pandemonium lord
111220 | Zig:12   | Killed Siomuada the pandemonium lord
111261 | Zig:12   | Identified the +0 chain mail "Singiutu" {rPois Str+3
                  | Stlth+}
111265 | Zig:12   | Identified the staff "Nawkirri" {rPois rF+ Str-2 Conj Fire}
111468 | Zig:13   | Entered Level 13 of a ziggurat
111494 | Zig:13   | Received a gift from Okawaru
111599 | Zig:13   | Identified the +5 crystal plate armour "Ofehoafi" {rF+}
111603 | Zig:13   | Identified the +7 longbow "Vizank" {drain, Dex+2 Stlth+}
111608 | Zig:13   | Noticed Uluo the pandemonium lord
111610 | Zig:13   | Killed Uluo the pandemonium lord
111618 | Zig:13   | Identified the +11 great mace "Votem" {flame, *Corrode
                  | rPois Str+6 Stlth-}
111631 | Zig:13   | Lost mutation: You have razor-sharp toenails. [potion of
                  | mutation]
111631 | Zig:13   | Lost mutation: You have sharp toenails. [potion of
                  | mutation]
111631 | Zig:13   | Gained mutation: You are partially covered in large bone
                  | plates. (SH +4) [potion of mutation]
111631 | Zig:13   | Gained mutation: You have sharp fingernails. [potion of
                  | mutation]
111631 | Zig:13   | Gained mutation: You expend magic power (3 MP) to
                  | strengthen your wands. [potion of mutation]
111632 | Zig:13   | Lost mutation: You occasionally lose the ability to drink
                  | potions when taking damage. [potion of mutation]
111632 | Zig:13   | Lost mutation: You are partially covered in large bone
                  | plates. (SH +4) [potion of mutation]
111632 | Zig:13   | Gained mutation: Potions are less effective at restoring
                  | your health. [potion of mutation]
111634 | Zig:13   | Lost mutation: You expend magic power (3 MP) to strengthen
                  | your wands. [potion of mutation]
111634 | Zig:13   | Lost mutation: You have sharp fingernails. [potion of
                  | mutation]
111634 | Zig:13   | Gained mutation: You are covered in fur. (AC +1) [potion of
                  | mutation]
111635 | Zig:13   | Lost mutation: You are covered in fur. (AC +1) [potion of
                  | mutation]
111635 | Zig:13   | Lost mutation: You are strong-willed. (Will+) [potion of
                  | mutation]
111635 | Zig:13   | Lost mutation: Potions are less effective at restoring your
                  | health. [potion of mutation]
111635 | Zig:13   | Gained mutation: You are strong-willed. (Will+) [potion of
                  | mutation]
111635 | Zig:13   | Gained mutation: You have an increased reservoir of magic.
                  | (+10% MP) [potion of mutation]
111636 | Zig:13   | Lost mutation: You are strong-willed. (Will+) [potion of
                  | mutation]
111636 | Zig:13   | Lost mutation: You have an increased reservoir of magic.
                  | (+10% MP) [potion of mutation]
111636 | Zig:13   | Gained mutation: Your system is resistant to poisons.
                  | (rPois) [potion of mutation]
111636 | Zig:13   | Gained mutation: You occasionally shout uncontrollably at
                  | your foes. [potion of mutation]
111636 | Zig:13   | Gained mutation: You do not regenerate when monsters are
                  | visible. [potion of mutation]
111637 | Zig:13   | Lost mutation: Your system is resistant to poisons. (rPois)
                  | [potion of mutation]
111637 | Zig:13   | Lost mutation: You occasionally shout uncontrollably at
                  | your foes. [potion of mutation]
111637 | Zig:13   | Gained mutation: You are partially covered in iridescent
                  | scales. (AC +2) [potion of mutation]
111637 | Zig:13   | Gained mutation: You are somewhat resistant to further
                  | mutation. [potion of mutation]
111639 | Zig:13   | Lost mutation: You are somewhat resistant to further
                  | mutation. [potion of mutation]
111639 | Zig:13   | Lost mutation: You are partially covered in iridescent
                  | scales. (AC +2) [potion of mutation]
111639 | Zig:13   | Gained mutation: You expend magic power (3 MP) to
                  | strengthen your wands. [potion of mutation]
111639 | Zig:13   | Gained mutation: You are agile. (Dex +4, Str/Int -1)
                  | [potion of mutation]
111639 | Zig:13   | Gained mutation: Your spells are a little harder to cast,
                  | but a little more powerful. [potion of mutation]
111640 | Zig:13   | Lost mutation: Your spells are a little harder to cast, but
                  | a little more powerful. [potion of mutation]
111640 | Zig:13   | Lost mutation: You are agile. (Dex +4, Str/Int -1) [potion
                  | of mutation]
111640 | Zig:13   | Gained mutation: You have sharp toenails. [potion of
                  | mutation]
111640 | Zig:13   | Gained mutation: Your flesh is cold resistant. (rC+)
                  | [potion of mutation]
111640 | Zig:13   | Gained mutation: You are robust. (+10% HP) [potion of
                  | mutation]
111641 | Zig:13   | Lost mutation: You do not regenerate when monsters are
                  | visible. [potion of mutation]
111641 | Zig:13   | Lost mutation: You expend magic power (3 MP) to strengthen
                  | your wands. [potion of mutation]
111641 | Zig:13   | Lost mutation: Your flesh is cold resistant. (rC+) [potion
                  | of mutation]
111641 | Zig:13   | Gained mutation: You occasionally lose the ability to read
                  | scrolls when taking damage. [potion of mutation]
111641 | Zig:13   | Gained mutation: Armour fits poorly on your strangely
                  | shaped body. [potion of mutation]
111641 | Zig:13   | Gained mutation: You are dopey. (Int -2) [potion of
                  | mutation]
111670 | Zig:14   | Entered Level 14 of a ziggurat
111722 | Zig:14   | Received a gift from Okawaru
111889 | Zig:15   | Entered Level 15 of a ziggurat
111899 | Zig:15   | Noticed Inunot the pandemonium lord
111908 | Zig:15   | Killed Inunot the pandemonium lord
111981 | Zig:15   | Received a gift from Okawaru
111993 | Zig:15   | Noticed Ydekhlae the pandemonium lord
112000 | Zig:15   | Killed Ydekhlae the pandemonium lord
112065 | Zig:15   | Identified the ring "Zuwaliem" {rElec rC++ Str+2 Int+6
                  | Dex-4}
112066 | Zig:15   | Noticed Wibo the pandemonium lord
112066 | Zig:15   | Identified the +6 orcbow "Demonbane" {speed, +Blink rPois
                  | Str+3 Dex+3}
112392 | Temple   | Fell from the grace of Okawaru
112392 | Temple   | Became a worshipper of Fedhas Madash
112516 | D:$      | Escaped with the Orb!

Illustrated notes

Levels and vault maps discovered:
D:1:      dpeg_arrival_round_b, layout_basic
D:2:      layout_loops_corners, minivault_11, amethyst_killhole, uniq_natasha,
          uniq_jessica
D:3:      layout_basic, basic_ecumenical_altar, grunt_decor_resistance,
          uniq_ijyb
D:4:      layout_loops_ring, kennysheep_mini_moat
D:5:      layout_loops_corners, mainiacjoe_overflow_catwalk
D:6:      layout_rooms, old_standard_altar, bloody_makhleb,
          minmay_temple_entry_hall
D:7:      layout_loops_cross, mainiacjoe_overflow_brackets, old_standard_altar
D:8:      layout_gridville, uniq_erica, uniq_joseph, uniq_jeremiah
D:9:      layout_basic, lemuel_crystal_altar, gammafunk_temple_overflow_arena,
          kennysheep_generic_room_4, uniq_prince_ribbit1
D:10:     layout_rooms, nicolae_transporter_intersection
D:11:     layout_roguey, erik_lair_island, gammafunk_ghost_stat_death,
          serial_aquarium, aquarium_bridge_square [aquarium_subvault_bridge,
          aquarium_subvault_bridge, aquarium_subvault_window,
          aquarium_subvault_window], aquarium_bridge_square
          [aquarium_subvault_bridge, aquarium_subvault_bridge,
          aquarium_subvault_bridge, aquarium_subvault_bridge],
          aquarium_window_fake, aquarium_window_fake, aquarium_window_1,
          aquarium_window_corner, aquarium_view_2d, aquarium_view_2c,
          uniq_fannar, uniq_harold, uniq_grum, uniq_maurice
D:12:     layout_loops_corners, erik_orc_1, chequers_serial_rivers_marsh,
          grunt_ministairs_3
D:13:     layout_cave_pods, grunt_ministairs_2, uniq_jorgrun
D:14:     layout_cave_pools, hangedman_vaults_entry_quadrant_bands,
          minmay_fountain_box, minmay_beelzebubs_servants
D:15:     grunt_enter_depths_snipers, layout_loops_cross,
          nicolae_underground_beach
Temple:   nicolae_temple_figure_eight
Lair:1:   layout_regular_city, grunt_megastairs_1, lemuel_fruit_tree,
          infiniplex_staircase_pool, lemuel_fruit_fields
Lair:2:   layout_gridlike, spider_nest_entry_rubble
Lair:3:   layout_regular_city, swamp_mist_pool, gammafunk_ghost_arena,
          worms_lemuel
Lair:4:   layout_regular_city, basic_altar, lemuel_fruit_fields, uniq_nessos,
          uniq_josephine
Lair:5:   guppyfry_lair_end_dragon, layout_regular_city, slime_entry_1,
          serial_bayou_pond_e, st_stairs_10, pdpol_lair_neglected_garden,
          minivault_19, lemuel_fruit_fields
Swamp:1:  layout_basic_swamp, evilmike_swamp_ruin_house_1, swamp_pool_1_2,
          uniq_aizul
Swamp:2:  layout_basic_swamp, evilmike_swamp_ruin_rubble_1,
          infiniplex_staircase_pool_2
Swamp:3:  layout_basic_swamp, evilmike_swamp_ruin_house_6, swamp_pool_1_2,
          nicolae_swamp_tree_isthmus
Swamp:4:  swamp_old_school, layout_basic_swamp, swamp_pool_5, uniq_louise
Spider:1: layout_spider_delve
Spider:2: layout_spider_delve, nicolae_spider_moth_buddies,
          hangedman_spider_tarantella_strand
Spider:3: layout_spider_delve, hellmonk_spider_spawner
Spider:4: grunt_spider_rune_parallel, drop_trap, uniq_arachne
Slime:1:  layout_caves
Slime:2:  layout_caves
Slime:3:  cheibrodos_slime_lost_civilization_3, layout_caves
Slime:4:  layout_caves
Slime:5:  slime_pit
Orc:1:    layout_caves, serial_shops, nicolae_diamond_shop, minmay_orc_temple_c
Orc:2:    st_orc_ogre_mass, layout_caves
Elf:1:    minmay_ambush_box, layout_gridlike, minmay_elf_annihilation
Elf:2:    nicolae_elf_blades_splatter_lattice [nicolae_blade_lattice],
          layout_onion_city, serial_shops, nicolae_shop_bloodbath_and_beyond,
          minivault_25_ag
Elf:3:    minmay_elf_hall_dome, layout_loops_ring, serial_shops,
          nicolae_shop_just_a_little_nook, drop_trap, uniq_asterion
Vaults:1: nicolae_vaults_taking_the_gang_shopping, vaults_room_ringed_pool,
          nicolae_vaults_variable_pillar_hall_cross, nicolae_vaults_swerve,
          hangedman_vaults_snaps, hangedman_vaults_stretched_pinwheel,
          nicolae_vaults_bisected_slash, nicolae_vaults_six-pack,
          nicolae_vaults_security_offices_3, nicolae_vaults_tetromino_L_1,
          v_misc_10, layout_vaults_omnibox, serial_glass
Vaults:2: portal_desolation_entry_garden, nicolae_vaults_little_squares_1,
          v_alt_pattern_3, nicolae_vaults_frosty_reception, v_misc_27,
          nicolae_vaults_quadrants, ontoclasm_vaults_fault,
          nicolae_vaults_door_testing_chamber, nicolae_vaults_angled_halls,
          nicolae_vaults_tangram_1, layout_vaults_ring
Vaults:3: blue_anna_dwarven_crypt, ontoclasm_vaults_pinch,
          hangedman_vaults_nails, nicolae_vaults_network_periphery,
          nicolae_vaults_border_crossing, nicolae_vaults_tetromino_Z_2,
          v_misc_2, nicolae_vaults_closet_pinwheel_1, nicolae_vaults_turnstiles,
          nicolae_vaults_diagonal_hallway_6, ontoclasm_vaults_shuriken,
          hangedman_vaults_stretched_pinwheel, nicolae_vaults_oval_intersection,
          ontoclasm_vaults_decontamination, layout_vaults_omnicross,
          serial_shops, shop, nicolae_trove_entry_diagonal
Vaults:4: hangedman_vaults_stretched_pinwheel, nicolae_vaults_network_barrier,
          nicolae_vaults_tetromino_Z_1, ontoclasm_vaults_chip,
          nicolae_vaults_ellipses_ellipsis, nicolae_vaults_enemy_cabinets,
          ontoclasm_vaults_spin, nicolae_vaults_stepped_doors, vaults_dpeg_ring,
          layout_vaults_omnigrid, serial_shops, shop
Vaults:5: serial_shops
Crypt:1:  layout_rooms, serial_glass, glass_columns_c, glass_columns_c,
          glass_columns_a, glass_columns_a, uniq_zenata
Crypt:2:  layout_chaotic_city, serial_co_window_serial, co_window_paths_a,
          co_window_paths_b, co_window_of_opportunity_a, co_window_corner_a,
          co_window_paths_a, co_window_broadway_c, co_window_broadway_b,
          co_window_corner_b, co_window_broadway_b, co_window_corner_ca,
          co_window_corner_cb, co_window_corner_b, glass_columns_b,
          glass_columns_a
Crypt:3:  church_of_pain_bobbens, layout_chaotic_city
Tomb:1
Tomb:2
Tomb:3:   uniq_mennas
Depths:1: layout_cave_pools, serial_bayou_pond_c, abyss_entry,
          grunt_hell_entry_dis_grunt, rand_demon_pan_entry_8,
          grunt_decor_arrowhead, minmay_the_grid_square_5x5_3x3_mashed
          [minmay_the_grid_square_5x5_two_walls_a,
          minmay_the_grid_square_5x5_seven, minmay_the_grid_square_5x5_bite,
          minmay_the_grid_square_5x5_hourglass,
          minmay_the_grid_square_5x5_megaprize_open,
          minmay_the_grid_square_5x5_checkered_statues,
          minmay_the_grid_square_5x5_spiral_small,
          minmay_the_grid_square_5x5_inverted_slash,
          minmay_the_grid_square_5x5_shrine1], uniq_norris
Depths:2: regret_index_uskayaw_diablada_macabre, layout_gridville,
          mu_enter_wizlab_3, grunt_hell_horde, hangedman_decor_lopped,
          pan_entry, uniq_grunn, uniq_sojobo
Depths:3: nicolae_BIG_FREAKIN_CUBE, layout_twisted_cross, hell_entry,
          abyss_entry_crystal, roderic_lattice_a, nrook_mini_vaults,
          infiniplex_staircase_split_hallway
Depths:4: grunt_zot_entry_hairpin, layout_cave_pools, enter_ziggurat_f,
          pf_coc_iceberg, abyss_entry_flame_altar, minmay_misc_feat_ornament,
          argonaut_fire_from_heaven
Hell
Dis:1:    layout_gridville
Dis:2:    hangedman_iron_city_apartments
Dis:3:    layout_subdivisions
Dis:4:    layout_overlapping_boxes
Dis:5:    layout_jigsaw, nicolae_dis_big_boring_drill
Dis:6:    layout_jigsaw
Dis:7:    dis_hangedman
Geh:1:    layout_gehenna_pools_triple
Geh:2:    layout_gehenna_lava_caves
Geh:3:    layout_gehenna_lava_caves
Geh:4:    layout_gehenna_pools_basic
Geh:5:    layout_gehenna_lava_caves
Geh:6:    layout_gehenna_pools_box, nicolae_geh_lava_rosette
Geh:7:    geh_grunt_pentagon
Coc:1:    layout_ice_bergs
Coc:2:    layout_cocytus_water_paths
Coc:3:    layout_ice_bergs, nicolae_hells_seeping_fissure
Coc:4:    layout_cocytus_water_paths
Coc:5:    layout_cocytus_delve
Coc:6:    layout_cocytus_delve
Coc:7:    coc_old
Tar:1:    nicolae_tar_fractal_crypt, layout_cathedral_of_symmetry
Tar:2:    layout_grid_maze
Tar:3:    layout_cathedral_of_symmetry
Tar:4:    layout_catacombs
Tar:5:    layout_grid_maze
Tar:6:    layout_cathedral_of_symmetry, nicolae_tar_cuneiform_bread,
          nicolae_tar_combbox
Tar:7:    tar_minmay_river
Zot:1:    layout_misc_corridors
Zot:2:    layout_twisted_circle, regret_index_zotdec_silver_v_v_orig_slice,
          skrybe_zot_glass_1
Zot:3:    layout_misc_corridors, lemuel_elevator
Zot:4:    lemuel_firehouse, layout_onion, grunt_ministairs_6, skrybe_zot_glass_2
Zot:5:    layout_twisted_circle

Skill      XL: |  1  2  3  4  5  6  7  8  9 10 11 12 13 14 15 16 17 18 19 20 21 22 23 24 25 26 27 |
---------------+----------------------------------------------------------------------------------+-----
Fighting       | 4 5 6 7 9 11 12 13 15 16 18 19 21 22 23 24 25 26 27 | 27.0
Axes           | 3 4 5 6 8 10 11 12 13 15 16 17 18 19 21 22 24 27 | 27.0
Stealth        | 2 3 |  3.0
Throwing       | 2 4 6 7 10 11 12 13 27 | 27.0
Invocations    | 2 6 8 10 11 12 15 | 15.0
Dodging        | 2 4 5 6 9 10 11 12 13 27 | 27.0
Armour         | 4 6 9 10 11 13 14 27 | 27.0
Shields        | 5 7 10 12 14 15 27 | 27.0
Evocations     | 5 |  5.0
Shapeshifting  | 5 8 10 27 | 27.0
Spellcasting   | 22 | 22.6
Fire Magic     | 22 | 22.4
Ranged Weapons | 13 | 13.2

Action                     |  1- 3 |  4- 6 |  7- 9 | 10-12 | 13-15 | 16-18 | 19-21 | 22-24 | 25-27 || total
---------------------------+-------+-------+-------+-------+-------+-------+-------+-------+-------++-------
  Melee: War axe           |    58 |   122 |       |       |       |       |       |       |       ||   180
         Hand axe          |       |    32 |   262 |    40 |       |       |       |       |       ||   334
         Battleaxe         |       |       |       |   238 |    13 |    23 |    15 |       |       ||   289
         Executioner's axe |       |       |       |    74 |    54 |       |   296 |   777 |  7144 ||  8345
         Broad axe         |       |       |       |       |   386 |   529 |   480 |       |   163 ||  1558
  Throw: Boomerang         |       |       |     2 |    58 |    74 |   156 |    96 |    48 |  1030 ||  1464
         Dart              |       |       |     5 |    40 |    17 |     5 |     1 |       |     6 ||    74
         Throwing net      |       |       |       |     3 |     1 |       |       |       |     1 ||     5
         Javelin           |       |       |       |     5 |    15 |    18 |    39 |    18 |   485 ||   580
 Invoke: Receive Weapon    |       |       |       |     1 |       |       |       |       |       ||     1
         Heroism           |       |       |       |       |     2 |     4 |     5 |     4 |     2 ||    17
         Receive Armour    |       |       |       |       |     1 |       |       |       |       ||     1
         Finesse           |       |       |       |       |       |     2 |     1 |     7 |    37 ||    47
         Duel              |       |       |       |       |       |       |       |       |     4 ||     4
Ability: Dig               |       |       |       |       |     1 |       |       |       |     7 ||     8
  Evoke: Wand              |       |       |     2 |       |     1 |       |     2 |       |    10 ||    15
    Use: Scroll            |       |     3 |     2 |    10 |    11 |     3 |    11 |     2 |    26 ||    68
         Potion            |       |       |       |       |     1 |     3 |     2 |     1 |    38 ||    45
   Stab: Held in net/web   |       |       |       |     1 |       |       |       |       |     1 ||     2
         Distracted        |       |       |       |       |     4 |    11 |    12 |       |     7 ||    34
         Confused          |       |       |       |       |       |       |       |     2 |     1 ||     3
         Petrifying        |       |       |       |       |       |       |       |     1 |       ||     1
         Petrified         |       |       |       |       |       |       |       |     1 |       ||     1
 Armour: Scale mail        |    38 |       |       |       |       |       |       |       |       ||    38
         Chain mail        |     6 |   130 |   162 |    28 |       |       |       |       |       ||   326
         Plate armour      |       |       |       |   293 |   344 |   494 |   527 |   542 |  2614 ||  4814
         Skin              |       |       |       |       |       |       |       |       |    73 ||    73
  Dodge: Dodged            |    39 |    51 |    66 |   151 |   158 |   184 |   144 |   240 |  3300 ||  4333
  Block: Buckler           |    22 |    50 |    77 |    97 |    78 |   148 |   263 |   416 |  4582 ||  5733
         Reflection        |       |       |       |       |       |     2 |    68 |    55 |   415 ||   540
         Tower shield      |       |       |       |       |       |       |   100 |       |   837 ||   937
   Form: Death             |       |       |       |       |       |       |       |       |     6 ||     6
                           |       |       |       |       |       |       |       |       |     5 ||     5
